 Dungeon Crawl Stone Soup version 0.32-a0-132-g2d33c3cfaf (webtiles) character file.

Game seed: 7096150018731227572

14978509 Mousus6 the Oni Barricade (level 27, 355/355 HPs)
             Began as an Oni Alchemist on Feb 8, 2024.
             Was the Champion of Vehumet.
             Escaped with the Orb
             ... and 15 runes on Feb 9, 2024!
             The game lasted 07:40:46 (105503 turns).

Mousus6 the Oni Barricade (Oni Alchemist)         Turns: 105503, Time: 07:40:47

Health: 355/355    AC: 15    Str: 26    XL:     27
Magic:  55/55      EV: 13    Int: 26    God:    Vehumet [******]
Gold:   13262      SH: 31    Dex:  9    Spells: 2/73 levels left

rFire   + + +        e - +13 sceptre of Asmodeus
rCold   + + +        c - +8 tower shield {AC+3}
rNeg    + + +        s - +5 moon troll leather armour {Spirit, Regen++ MP+5}
rPois   ∞            M - +0 mask of the Dragon {Will+ Slay+3 SInv}
rElec   +            U - +0 cloak "Qikeup" {rElec rC++ Regen+}
rCorr   +            (gloves unavailable)
SInv    +            (boots unavailable)
Will    +++..        K - amulet "Yzxobuikh" {RegenMP rF+ Will- rCorr}
Stlth   +            o - ring "Uskawk" {rElec rF+++ rC+ Str+6 Slay-4}
HPRegen 3.19/turn    P - ring of the Mage {Wiz Archmagi}
MPRegen 0.74/turn

%: guardian spirit, wizardry (x1), archmagi
@: death-form, studying 2 skills
A: vile attack, torment immunity, no potions, large, unfitting armour, horns 1,
tough skin 1, double potion healing, drunken brawling, hooves 1, see invisible,
(berserk 2), robust 1, wild magic 1, inability to drink after injury 1
0: Orb of Zot
}: 15/15 runes: decaying, serpentine, slimy, silver, golden, iron, obsidian,
icy, bone, abyssal, demonic, glowing, magical, fiery, dark
a: Siphon Essence, Begin Untransformation, Renounce Religion


You escaped.
You worshipped Vehumet.
Vehumet was exalted by your worship.
You were an undying horror.
You visited 17 branches of the dungeon, and saw 86 of its levels.
You visited Pandemonium 2 times, and saw 12 of its levels.
You visited the Abyss 2 times.
You completed 1 ziggurat, and saw 27 of its levels.
You also visited: Volcano.

You collected 18666 gold pieces.
You spent 5404 gold pieces at shops.

Inventory:

Hand Weapons
 e - the +13 sceptre of Asmodeus (weapon)
   (You took it off Asmodeus on level 7 of Gehenna)

   Fire Summon: It may summon demons of flame and damnation when striking foes.
 q - the +7 sceptre of Torment {pain, torment}
   (You found it on level 25 of a ziggurat)
Missiles
 G - 55 large rocks (quivered)
Armour
 c - a +8 tower shield of protection (worn)
 s - the +5 moon troll leather armour (worn) {Spirit, Regen++ MP+5}
   (You bought it in a shop on level 2 of the Orcish Mines)

   MP+5:      It affects your magic capacity (+5).
   Regen++:   It increases your rate of health regeneration.
 M - the +0 mask of the Dragon (worn) {Will+ Slay+3 SInv}
   (You found it on level 5 of the Vaults)

   Slay+3:    It affects your accuracy & damage with ranged weapons and melee
   (+3).
   Will+:     It increases your willpower.
   SInv:      It lets you see invisible.
 U - the +0 cloak "Qikeup" (worn) {rElec rC++ Regen+}
   (You found it on level 3 of the Tomb of the Ancients)

   rC++:      It greatly protects you from cold.
   rElec:     It insulates you from electricity.
   Regen+:    It increases your rate of health regeneration.
Magical Staves
 a - the staff "Celiv" {+Blink rC+ Str+3 Conj}
   (You found it on level 19 of a ziggurat)

   [staff of conjuration]

   Base accuracy: +5 Base damage: 5 Base attack delay: 1.2 This weapon's minimum
   attack delay (0.6) is reached at skill level 12.
   Str+3:     It affects your strength (+3).
   rC+:       It protects you from cold.
   +Blink:    It lets you blink.
   Conj:      It increases the power of your Conjurations spells.
   It falls into the 'Staves' category.
   It is a one-handed weapon.
 b - the staff of Subterfuge {rC+ Int+4 Ice Earth}
   (You found it on level 3 of the Elven Halls)

   [staff of cold]

   Base accuracy: +5 Base damage: 5 Base attack delay: 1.2 This weapon's minimum
   attack delay (0.6) is reached at skill level 12.
   Int+4:     It affects your intelligence (+4).
   rC+:       It protects you from cold.
   Ice:       It increases the power of your Ice spells.
   Earth:     It increases the power of your Earth spells.
   It falls into the 'Staves' category.
   It is a one-handed weapon.
 w - the staff of Qamaymy {rF+ MP+9 Dex+3 Fire}
   (You found it on level 9 of a ziggurat)

   [staff of fire]

   Base accuracy: +5 Base damage: 5 Base attack delay: 1.2 This weapon's minimum
   attack delay (0.6) is reached at skill level 12.
   Dex+3:     It affects your dexterity (+3).
   rF+:       It protects you from fire.
   MP+9:      It affects your magic capacity (+9).
   Fire:      It increases the power of your Fire spells.
   It falls into the 'Staves' category.
   It is a one-handed weapon.
Jewellery
 o - the ring "Uskawk" (left hand) {rElec rF+++ rC+ Str+6 Slay-4}
   (You found it on level 5 of the Pits of Slime)

   [ring of protection from cold]

   Str+6:     It affects your strength (+6).
   Slay-4:    It affects your accuracy & damage with ranged weapons and melee
   (-4).
   rF+++:     It renders you almost immune to fire.
   rC+:       It protects you from cold.
   rElec:     It insulates you from electricity.
 H - the ring of Rulosaem {Fly rElec Int+6 Dex+3}
   (You found it on level 7 of Tartarus)

   [ring of intelligence]

   Int+6:     It affects your intelligence (+6).
   Dex+3:     It affects your dexterity (+3).
   rElec:     It insulates you from electricity.
   Fly:       It grants you flight.
 K - the amulet "Yzxobuikh" (around neck) {RegenMP rF+ Will- rCorr}
   (You found it on level 11 of a ziggurat)

   [amulet of magic regeneration]

   RegenMP:   It increases your rate of magic regeneration.
   rF+:       It protects you from fire.
   Will-:     It decreases your willpower.
   rCorr:     It protects you from acid and corrosion.
 P - the ring of the Mage (right hand) {Wiz Archmagi}
   (You found it on level 20 of a ziggurat)

   [ring of wizardry]

   Wiz:       It improves your spell success rate.
   Archmagi:  It increases the power of your magical spells.
 T - the ring "Mius" {Fly rElec rC+ rCorr Stlth-}
   (You found it on level 3 of the Tomb of the Ancients)

   [ring of flight]

   rC+:       It protects you from cold.
   rElec:     It insulates you from electricity.
   Fly:       It grants you flight.
   rCorr:     It protects you from acid and corrosion.
   Stlth-:    It makes you less stealthy.
Talismans
 r - a talisman of death (active)
Wands
 f - a wand of digging (58)
 O - a wand of roots (137)
 Y - a wand of acid (89)
Scrolls
 g - 16 scrolls of poison
 i - 15 scrolls of fear
 j - 7 scrolls of revelation
 m - 49 scrolls of teleportation
 n - 15 scrolls of immolation
 p - 34 scrolls of fog
 z - 6 scrolls of noise
 A - 6 scrolls of torment
 B - 14 scrolls of blinking
 F - 8 scrolls of enchant armour
 S - 5 scrolls of amnesia
 W - 5 scrolls of summoning
 Z - 10 scrolls of vulnerability
Potions
 d - 10 potions of haste
 h - 4 potions of brilliance
 l - 15 potions of enlightenment
 t - 10 potions of might
 y - 5 potions of magic
 C - 5 potions of resistance
 D - 20 potions of mutation
 E - 16 potions of cancellation
 I - 28 potions of curing
 J - 7 potions of invisibility
 L - 7 potions of ambrosia
 Q - 21 potions of heal wounds
 R - 13 potions of lignification
Miscellaneous
 k - a phantom mirror
 u - a sack of spiders
 v - 2 +1 figurines of a ziggurat
 x - the horn of Geryon
 V - a phial of floods


   Skills:
 O Level 27 Fighting
 + Level 14.4(15.3) Maces & Flails
 - Level 9.1(12.8) Staves
 * Level 17.6 Throwing
 + Level 14.1 Armour
 - Level 14.6 Dodging
 - Level 8.0 Stealth
 O Level 27 Shields
 - Level 23.9 Spellcasting
 - Level 24.5 Conjurations
 - Level 19.3 Fire Magic
 - Level 8.0 Ice Magic
 - Level 15.0 Air Magic
 - Level 19.8 Earth Magic
 - Level 15.0 Alchemy
 - Level 13.9 Evocations
 - Level 23.0 Shapeshifting


You had 2 spell levels left.
You knew the following spells:

 Your Spells              Type           Power      Damage    Failure   Level
a - Shatter               Erth           66%        3d49*     5%          9
b - Blink                 Tloc           100%       N/A       1%          2
c - Spellforged Servitor  Conj/Summ      55%        N/A       1%          7
d - Ignite Poison         Fire/Alch      100%       N/A       1%          4
e - Ignition              Fire           65%        3d17      1%          8
f - Fire Storm            Conj/Fire      68%        8d17      2%          9
g - Lehudib's Crystal Sp  Conj/Erth      68%        10d16     1%          8
h - Chain Lightning       Conj/Air       65%        3d87      5%          9
r - Maxwell's Capacitive  Air            59%        ∞         2%          8
s - Eringya's Noxious Bo  Alch           59%        4d6       1%          6
x - Apportation           Tloc           100%       N/A       1%          1

Your spell library contained the following spells:

 Spells                   Type           Power      Damage    Failure   Level
 Foxfire                  Conj/Fire      100%       2x1d9     1%          1
 Freeze                   Ice            100%       1d10      1%          1
 Kiss of Death            Conj/Necr      100%       2d13      1%          1
 Magic Dart               Conj           100%       1d8       1%          1
 Necrotise                Necr           100%       1d9       1%          1
 Sandblast                Erth           100%       2d20      1%          1
 Shock                    Conj/Air       100%       1d9       1%          1
 Slow                     Hex            100%       N/A       1%          1
 Sting                    Conj/Alch      100%       1d9       1%          1
 Summon Small Mammal      Summ           100%       N/A       1%          1
 Call Imp                 Summ           100%       N/A       1%          2
 Cigotuvi's Dreadful Rot  Necr/Alch/Air  100%       N/A       1%          2
 Ensorcelled Hibernation  Hex/Ice        100%       N/A       1%          2
 Jinxbite                 Hex            100%       N/A       1%          2
 Lesser Beckoning         Tloc           100%       N/A       1%          2
 Mercury Vapours          Alch/Air       100%       N/A       1%          2
 Momentum Strike          Conj/Tloc      100%       3d10      1%          2
 Scorch                   Fire           100%       2d9       1%          2
 Searing Ray              Conj           100%       2d8       1%          2
 Static Discharge         Conj/Air       100%       3-8/arc   1%          2
 Sublimation of Blood     Necr           57%        N/A       1%          2
 Dazzling Flash           Conj/Hex       100%       N/A       1%          3
 Frozen Ramparts          Ice            100%       1d16      1%          3
 Hailstorm                Conj/Ice       100%       3d16      1%          3
 Inner Flame              Hex/Fire       100%       N/A       1%          3
 Mephitic Cloud           Conj/Alch/Air  100%       N/A       1%          3
 Ozocubu's Armour         Ice            96%        N/A       1%          3
 Passwall                 Erth           100%       N/A       1%          3
 Stone Arrow              Conj/Erth      100%       3d13      1%          3
 Summon Ice Beast         Ice/Summ       79%        N/A       1%          3
 Swiftness                Air            100%       N/A       1%          3
 Volatile Blastmotes      Fire/Tloc      100%       2d18      1%          3
 Airstrike                Air            59%        2d(9-25)  1%          4
 Animate Armour           Summ/Erth      100%       N/A       1%          4
 Brom's Barrelling Bould  Conj/Erth      100%       2d11      1%          4
 Flame Wave               Conj/Fire      100%       2d21      1%          4
 Fulminant Prism          Conj/Alch      65%        3d28      1%          4
 Iskenderun's Mystic Bla  Conj/Tloc      100%       2d19      1%          4
 Leda's Liquefaction      Alch/Erth      63%        N/A       1%          4
 Olgreb's Toxic Radiance  Alch           100%       N/A       1%          4
 Petrify                  Alch/Erth      100%       N/A       1%          4
 Sticky Flame             Fire/Alch      100%       2d15      1%          4
 Summon Blazeheart Golem  Fire/Summ      100%       N/A       1%          4
 Summon Lightning Spire   Summ/Air       95%        N/A       1%          4
 Vhi's Electric Charge    Tloc/Air       100%       N/A       1%          4
 Alistair's Intoxication  Alch           79%        N/A       1%          5
 Arcjolt                  Conj/Air       65%        1d75      1%          5
 Borgnjor's Vile Clutch   Necr/Erth      51%        N/A       1%          5
 Fireball                 Conj/Fire      68%        3d26      1%          5
 Freezing Cloud           Conj/Ice/Air   61%        6-21      1%          5
 Irradiate                Conj/Alch      65%        3d33      1%          5
 Iskenderun's Battlesphe  Conj           100%       2d15      1%          5
 Lee's Rapid Deconstruct  Erth           66%        3d30*     1%          5
 Silence                  Hex/Air        47%        N/A       1%          5
 Yara's Violent Unravell  Hex/Alch       47%        3d18      1%          5
 Bombard                  Conj/Erth      68%        9d11      1%          6
 Conjure Ball Lightning   Conj/Air       65%        3x3d23    1%          6
 Plasma Beam              Fire/Air       62%        2x1d78    1%          6
 Sculpt Simulacrum        Ice/Alch       54%        N/A       1%          6
 Starburst                Conj/Fire      68%        6d18      1%          6
 Orb of Destruction       Conj           71%        9d16      1%          7
 Call Canine Familiar     Summ           57%        N/A       2%          3
 Confusing Touch          Hex            57%        N/A       2%          3
 Fugue of the Fallen      Necr           57%        N/A       2%          3
 Gell's Gravitas          Tloc           57%        N/A       2%          3
 Sigil of Binding         Hex            57%        N/A       2%          3
 Teleport Other           Tloc           57%        N/A       2%          3
 Tukima's Dance           Hex            57%        N/A       2%          3
 Vampiric Draining        Necr           57%        2d10      2%          3
 Metabolic Englaciation   Hex/Ice        39%        N/A       4%          5
 Ozocubu's Refrigeration  Ice            48%        4d18      5%          7
 Anguish                  Hex/Necr       28%        N/A       7%          4
 Animate Dead             Necr           57%        N/A       7%          4
 Cause Fear               Hex            28%        N/A       7%          4
 Dispel Undead            Necr           57%        3d20      7%          4
 Manifold Assault         Tloc           57%        N/A       7%          4
 Martyr's Knell           Necr/Summ      57%        N/A       7%          4
 Passage of Golubria      Tloc           57%        N/A       7%          4
 Curse of Agony           Necr           57%        N/A       17%         5
 Summon Forest            Summ/Tloc      28%        N/A       17%         5
 Summon Mana Viper        Hex/Summ       57%        N/A       17%         5
 Death Channel            Necr           28%        N/A       63%         6
 Dispersal                Tloc           28%        N/A       63%         6
 Summon Cactus Giant      Summ           28%        N/A       63%         6
 Polar Vortex             Ice            48%        12d6*     96%         9
 Enfeeble                 Hex            28%        N/A       98%         7
 Haunt                    Necr/Summ      28%        N/A       98%         7
 Malign Gateway           Summ/Tloc      28%        N/A       98%         7
 Monstrous Menagerie      Summ           28%        N/A       98%         7
 Summon Hydra             Summ           28%        N/A       98%         7
 Discord                  Hex            28%        N/A       100%        8
 Disjunction              Tloc           28%        N/A       100%        8
 Infestation              Necr           28%        N/A       100%        8
 Summon Horrible Things   Summ           28%        N/A       100%        8
 Dragon's Call            Summ           28%        N/A       100%        9


Dungeon Overview and Level Annotations

Branches:
Dungeon (15/15)            Temple (0/1) D:6            Lair (5/5) D:8
  Swamp (4/4) Lair:3        Snake (4/4) Lair:2        Slime (5/5) Lair:5
    Orc (2/2) D:9             Elf (3/3) Orc:2        Vaults (5/5) D:13
  Crypt (3/3) Vaults:3       Tomb (3/3) Crypt:3      Depths (4/4) D:15
   Hell (visited)             Dis (7/7) Hell            Geh (7/7) Hell
    Coc (7/7) Hell            Tar (7/7) Hell            Zot (5/5) Depths:4
Volcano (visited)

Altars:
Cheibriados
Gozag
Hepliaklqana
Kikubaaqudgha
Nemelex Xobeh
Okawaru
Ru
Sif Muna
Vehumet
Wu Jian
Xom
Zin
The Shining One
Lugonu

Shops:
Orc:1 [*   Orc:2 [!*   Elf:2 !   Elf:3 (   Snake:1 =[(   Snake:2 (   Depths:1 *
Depths:2 :

Portals:
Hell: Depths:1 Depths:2 Depths:3 Depths:4
Abyss: Dis:3 Depths:1 Depths:3
Pandemonium: Depths:1 Depths:2 Depths:3


Innate Abilities, Weirdness & Mutations

You are an undying horror.
Your melee and unarmed attacks drain, slow and weaken victims.
You are immune to unholy pain and torment.
You cannot drink.
You are immune to poison.
You are too large for most types of armour.
You have a pair of small horns on your head.
You have tough skin. (AC +1)
You gain doubled healing and magic from potions.
Whenever you drink a healing potion, you attack all around you.
You have large cloven feet.
You have supernaturally acute eyesight. (SInv)
((You have an uncontrollable temper.))
You are robust. (+10% HP)
Your spells are a little harder to cast, but a little more powerful.
You occasionally lose the ability to drink potions when taking damage.


Message History

There is a stone staircase leading down here.
There is a stone staircase leading up here.
You climb upwards.
There is a stone staircase leading down here.
You see here a +0 club.
There is a stone staircase leading up here.
You climb upwards.
There is a stone staircase leading down here.
There is a stone staircase leading up here.
You climb upwards.
An Orb Guardian comes into view.
There is a stone staircase leading down here.
You see here a +0 spear.
You block the Orb Guardian's attack. x2
You skewer the Orb Guardian like a kebab!!!
The Orb Guardian decays.
You kick the Orb Guardian.
The Orb Guardian is heavily wounded.
You pound the Orb Guardian like an anvil!!!
The Orb Guardian decays.
You kick the Orb Guardian.
You kill the Orb Guardian!
Vehumet accepts your kill.
You feel your dexterity returning.
You see here a blade talisman.
There is an open door here.
There is a stone staircase leading up here.
You climb upwards.
There is a stone staircase leading down here.
There is a stone staircase leading up here.
You climb upwards.
There is a stone staircase leading down here.
There is a stone staircase leading up here.
You climb upwards.
There is a stone staircase leading down here.
There is a stone staircase leading up here.
You climb upwards.
There is a stone staircase leading down here.
You see here a rat skeleton.
There is an open door here.
There is a staircase leading out of the dungeon here.
You have escaped!

#.#......# ##.....#..
#.#....#.# ######.........
#.#....#.# ###........÷.....
#.#....#.####.+..............
#.##...#....#.#....>.........
#..#...######.#..............
#..##...# #.#..............
#...#...## ##.#..............
#...#....# #z.'..............
#####.....# ##.##.##..........
#........_# #.#..##...###....
#.........# #.###...#.# #.#..
#.........####.#.......###.##.
#........##..#.+..............
#...#....#...####..###.......#
#...#...##.....#..## #.......#
#..##...#........#####.......#


There were no monsters in sight!

Vanquished Creatures
  Cerebov (Pan)
  Antaeus (Coc:7)
  Asmodeus (Geh:7)
  the Royal Jelly (Slime:5)
  Gloorx Vloq (Pan)
  Ereshkigal (Tar:7)
  Lom Lobon (Pan)
  Mnoleg (Pan)
  the Serpent of Hell (Tar:7)
  17 dread liches
  Dispater (Dis:7)
  11 ancient liches
  8 orbs of fire
  4 juggernauts
  8 pandemonium lords
  26 royal mummies
  6 Killer Klowns
  11 shard shrikes
  Geryon (Hell)
  A curse toe (Zot:1)
  33 caustic shrikes
  15 golden dragons
  A profane servitor (Tar:2)
  12 bone dragons
  13 Tzitzimimeh
  17 doom hounds
  Jorgrun (Orc:1)
  7 iron giants
  17 hellephants
  21 Brimstone Fiends
  24 tentacled monstrosities
  The ghost of Nattfarinn the Skinwalker, an adept NaSh of Hepliaklqana (Snake:4)
  4 electric golems
  25 Ice Fiends
  The ghost of tish the Brawler, an adept TrFi of Wu Jian (Swamp:3)
  19 Hell Sentinels
  A walking crystal tome (Depths:3)
  7 liches
  17 tainted leviathans
  24 Orb Guardians
  5 deep elf blademasters
  6 deep elf master archers
  33 acid blobs
  13 sphinxes
  2 quicksilver dragons
  Grunn (Depths:2)
  Frances (D:14)
  18 searing wretches
  15 titans
  40 ancient champions
  5 death cobs
  13 Executioners
  A tentacled starspawn (Abyss:3)
  9 shadow dragons
  5 thorn hunters
  10 tengu reavers
  16 storm dragons
  A shadow dragon (shapeshifter) (Depths:3)
  Aizul (Vaults:2)
  15 revenants
  Donald (Vaults:3)
  23 fenstrider witches
  A daeva (Abyss:3)
  14 nagarajas
  23 azure jellies
  23 fire giants
  Roxanne (Snake:1)
  16 protean progenitors
  16 rockslimes
  6 narguns
  12 draconian monks
  The ghost of Cahekav the Fighter, a journeyman DrIE of Dithmenos (Swamp:3)
  12 deep elf sorcerers
  9 demonspawn warmongers
  8 draconian shifters
  An emperor scorpion (shapeshifter) (Depths:3)
  7 deep elf elementalists
  12 draconian knights
  17 frost giants
  2 emperor scorpions
  12 quicksilver elementals
  24 vault wardens
  17 iron dragons
  17 draconian scorchers
  2 spectral juggernauts (Tar:2)
  16 reapers
  23 draconian annihilators
  15 curse skulls
  7 ghouls
  8 draconian stormcallers
  6 demonspawn corrupters
  5 demonspawn blood saints
  An orc warlord (Vaults:2)
  8 shard shrike simulacra
  31 ghost moths
  49 balrugs
  4 angels (Zot:3)
  3 broodmothers
  15 cacodemons
  21 quicksilver oozes
  3 spectral caustic shrikes (Tar:6)
  9 formless jellyfish
  20 very ugly things
  16 ironbound preservers
  11 black draconians
  13 ironbound thunderhulks
  10 vampire knights
  14 deep elf annihilators
  8 bennus
  17 stone giants
  24 elemental wellsprings
  A bunyip (shapeshifter) (Depths:3)
  Azrael (Snake:2)
  8 green draconians
  12 deep elf demonologists
  37 war gargoyles
  An eleionoma (Swamp:2)
  2 spectral titans
  15 dire elephants
  7 bunyips
  4 lorocyprocas
  12 purple draconians
  12 deep elf death magi
  10 red draconians
  17 white draconians
  18 wendigos
  6 yellow draconians
  3 putrid mouths
  15 demonspawn black suns
  5 spark wasps
  30 green deaths
  26 eidola
  A spectral iron giant (Tar:6)
  26 ettins
  9 jiangshi
  30 mummy priests
  A crystal guardian (Depths:3)
  A spectral quicksilver dragon (Tar:2)
  13 blizzard demons
  Josephine (D:14)
  A merfolk javelineer (Zig:25)
  17 iron golems
  4 shambling mangroves
  3 spectral spriggans
  5 fire dragons
  A quicksilver dragon zombie (Tomb:1)
  19 deep elf high priests
  7 entropy weavers
  A spriggan zombie (Tomb:3)
  Erolcha (D:13)
  22 salamander tyrants
  6 ice dragons
  8 hell beasts
  2 rakshasas
  8 great orbs of eyes
  19 yaktaur captains
  17 hydras
  38 vault guards
  5 ogre magi
  6 spriggan air magi
  6 jorogumos
  12 alligators
  15 caustic shrike simulacra
  9 juggernaut simulacra
  10 anacondas
  A spriggan skeleton (Tomb:3)
  A radroach (Zig:19)
  2 merfolk avatars (Zig:25)
  2 death knights
  2 ghost crabs
  17 centaur warriors
  3 satyrs
  47 dancing weapons
  4 boulder beetles
  6 stokers
  A spectral stone giant (Tar:1)
  3 merfolk aquamancers
  A titan zombie (Crypt:3)
  5 ironbound frosthearts
  Erica (D:8)
  67 death scarabs
  12 demonic crawlers
  11 two-headed ogres
  4 deep troll shamans
  18 vampire magi
  12 naga warriors
  2 spectral emperor scorpions (Pan)
  3 tengu warriors
  13 deep troll earth magi
  An occultist (Depths:1)
  36 hell hogs
  5 thrashing horrors
  11 shock serpents
  Urug (D:13)
  4 spriggan berserkers (Depths:2)
  A storm dragon zombie (Crypt:1)
  28 deep elf knights
  3 orc high priests
  15 naga sharpshooters
  A spectral storm dragon (Tar:1)
  16 soul eaters
  A spectral minotaur (Tar:2)
  4 iron trolls
  8 hell knights
  37 skeletal warriors
  37 sun demons
  A wretched star (Abyss:3)
  2 salamander mystics (Snake:4)
  3 cherubim
  10 crystal echidnas
  A skyshark (Lair:5)
  24 shadow wraiths
  13 pharaoh ants
  15 sixfirhies
  A bunyip zombie (Tomb:2)
  3 goliath frogs
  5 sea snakes
  An anaconda zombie (Crypt:1)
  A death drake (Abyss:3)
  14 sun moths
  3 fire crabs
  54 deep trolls
  A golden dragon zombie (Depths:2)
  10 flayed ghosts
  8 naga ritualists
  6 spriggan druids
  2 death drakes (shapeshifter)
  14 deep elf archers
  2 orb spiders (shapeshifter)
  12 bog bodies
  4 quicksilver dragon simulacra
  3 glowing orange brains
  3 orange crystal statues
  9 shadow demons
  11 spriggan simulacra
  3 orb spiders
  A swamp dragon (shapeshifter) (Depths:2)
  A sea snake (shapeshifter) (Depths:3)
  9 mana vipers
  9 arcanists
  A deep troll (shapeshifter) (Zig:20)
  A spectral iron dragon (Tar:1)
  10 lindwurms
  2 mana vipers (shapeshifter)
  3 obsidian statues
  A tengu zombie (Depths:2)
  5 swamp dragons
  Pikel (D:5)
  8 orc knights
  3 harpies (Vaults:4)
  A fenstrider witch simulacrum (Coc:2)
  14 ironbound convokers
  2 shadow dragon zombies
  7 steelbarb worms
  36 deep elf zephyrmancers
  10 phantasmal warriors
  A faun (shapeshifter) (Zig:5)
  8 necromancers
  64 deep elf pyromancers
  4 manticores
  8 shining eyes
  12 wolf spiders
  A shining eye (shapeshifter) (Depths:3)
  7 will-o-the-wisps
  32 ugly things
  A moth of wrath (shapeshifter) (Depths:3)
  A stone giant zombie (Crypt:1)
  4 orc sorcerers
  5 cyclopes
  8 salamanders
  An alligator skeleton (Tomb:1)
  A meliai (shapeshifter) (Zig:15)
  A stone giant skeleton (Crypt:3)
  44 moths of wrath
  7 elephants (Lair:5)
  4 meliai
  A kobold blastminer (Orc:2)
  21 naga magi
  9 eyes of devastation
  A fire giant skeleton (Depths:2)
  2 ice statues
  4 apocalypse crabs
  29 black mambas
  A water nymph (shapeshifter) (Zig:9)
  A merfolk siren (Zig:26)
  A frost giant skeleton (Depths:2)
  8 rust devils
  5 titan simulacra
  8 torpor snails
  30 smoke demons
  9 guardian serpents
  16 vault sentinels
  12 orange demons
  19 cane toads
  12 large abominations
  2 gargoyles
  18 water nymphs
  29 hellions
  14 molten gargoyles
  A storm dragon simulacrum (Hell)
  2 unseen horrors (shapeshifter)
  An unseen horror (D:13)
  15 komodo dragons
  2 golden dragon simulacra
  5 anaconda simulacra
  A green draconian skeleton (Crypt:3)
  2 bunyip simulacra (Coc:2)
  6 red devils
  25 tormentors
  3 tengu conjurers
  10 efreet
  66 guardian mummies
  3 spectral harpies (Tar:1)
  35 yaktaurs
  An ice devil (Pan)
  12 freezing wraiths
  An ancient zyme (Abyss:3)
  A merfolk (Zig:26)
  A silent spectre (Tar:2)
  A merfolk (shapeshifter) (Vaults:5)
  7 trolls
  2 iron giant simulacra
  A white draconian skeleton (Crypt:2)
  A harpy zombie (Tomb:3)
  29 hellwings
  7 tarantellas
  23 hornets
  A shadow dragon simulacrum (Coc:2)
  4 bloated husks
  9 glass eyes
  A hornet (shapeshifter) (Vaults:3)
  A glass eye (shapeshifter) (Zig:9)
  A hydra skeleton (Crypt:2)
  17 blink frogs
  A frost giant simulacrum (Depths:2)
  6 polar bears
  3 raiju (Abyss:3)
  2 snapping turtles
  2 harpy skeletons
  A blink frog (shapeshifter) (Elf:3)
  13 tyrant leeches
  3 iron dragon simulacra
  5 jumping spiders
  127 slime creatures
  5 stone giant simulacra
  6 culicivoras
  13 spriggans
  20 ynoxinuls
  10 water elementals
  A slime creature (shapeshifter) (Depths:3)
  7 dire elephant simulacra
  7 shadows
  A wind drake zombie (Crypt:3)
  A vampire (D:12)
  2 wyverns
  A fire dragon skeleton (Crypt:1)
  33 ushabtiu
  11 wraiths
  45 yaks
  7 air elementals
  3 basilisks
  3 redbacks (Zig:19)
  3 naga simulacra
  6 neqoxecs
  8 wargs
  4 hogs (D:9)
  17 humans
  7 fire bats (Lair:3)
  8 golden eyes
  10 steam dragons
  12 fire elementals
  4 alligator snapping turtle simulacra
  3 starcursed masses (Abyss:3)
  24 chaos spawn
  19 vampire mosquitoes
  A merfolk zombie (Crypt:2)
  A redback (shapeshifter) (Depths:3)
  17 harpy simulacra
  37 nagas
  8 swamp worms
  An acid dragon (D:12)
  11 hell hounds
  2 swamp worms (shapeshifter)
  19 water moccasins
  A hydra simulacrum (Coc:2)
  4 ice beasts
  3 swamp drakes
  2 sky beasts (D:7)
  A black bear (D:8)
  8 ettin simulacra
  29 orc warriors
  16 ogres
  16 laughing skulls
  A snapping turtle zombie (Crypt:3)
  4 boggarts
  2 lemures (D:5)
  11 wolves
  8 centaurs
  A kobold brigand (D:10)
  A rime drake skeleton (Crypt:1)
  Blork the orc (Orc:2)
  7 earth elementals
  8 weeping skulls
  5 scorpions
  21 bullfrogs
  8 necrophages
  2 gnoll sergeants
  A draconian skeleton (Crypt:3)
  3 small abominations (Abyss:3)
  4 wights (D:9)
  2 wyvern skeletons
  A water moccasin skeleton (Crypt:2)
  A polar bear zombie (Crypt:2)
  2 swamp dragon simulacra
  8 killer bees
  2 electric eels
  A jelly (D:6)
  A crimson imp (Orc:2)
  2 lava snakes (Lair:3)
  A hound (shapeshifter) (D:15)
  2 iron imps
  5 hounds
  2 centaur skeletons
  14 orc priests
  4 sleepcaps
  Terence (D:2)
  7 iguanas
  34 orc wizards
  21 hell rats
  An ogre zombie (Crypt:1)
  An ogre skeleton (Crypt:2)
  2 naga skeletons
  66 mummies
  12 gnolls
  A howler monkey skeleton (Crypt:3)
  6 adders
  2 shadow imps
  8 ufetubi
  4 dart slugs
  A ribbon worm (D:5)
  108 orcs
  7 ball pythons
  A bat zombie (Crypt:1)
  8 endoplasms
  2 giant cockroaches
  11 goblins
  8 hobgoblins
  11 jackals
  A quokka (D:1)
  7 bats
  5 frilled lizards
  A goblin zombie (Crypt:3)
  13 kobolds
  An orc skeleton (Crypt:3)
  4 rats
  A rat zombie (Crypt:2)
  21 aspiring fleshes
  12 ball lightnings (Pan)
  5 creeping infernos
  2 fire vortices
  A lurking horror (Dis:3)
  2 starspawn tentacles (Abyss:3)
4524 creatures vanquished.

Vanquished Creatures (collateral kills)
  2 dread liches
  2 ancient liches
  2 royal mummies
  2 shard shrikes
  A Killer Klown (Zot:5)
  A curse toe (Zot:5)
  4 golden dragons
  6 bone dragons
  A Tzitzimitl (Tar:5)
  A doom hound (Tar:7)
  An electric golem (Zot:5)
  An Ice Fiend (Pan)
  8 tentacled monstrosities
  2 titans
  2 Orb Guardians (Zot:5)
  3 sphinxes (Tomb:1)
  2 acid blobs (Zig:21)
  2 ancient champions
  2 shadow dragons
  A storm dragon (Zot:1)
  A revenant (Zig:7)
  The ghost of Tycrutoi the Slayer, a journeyman MiFi of Trog (Swamp:3)
  A demonspawn warmonger (Pan)
  2 fenstrider witches
  2 emperor scorpions (Zig:16)
  4 balrugs (Pan)
  An iron dragon (Depths:3)
  2 shard shrike simulacra
  4 ghouls
  A cacodemon (Zig:22)
  A broodmother (Zig:19)
  A reaper (Pan)
  An ironbound preserver (Vaults:5)
  The ghost of TheViccler the Brawler, a journeyman TrFi of Wu Jian (Swamp:1)
  3 stone giants
  A demonspawn corrupter (Pan)
  2 very ugly things
  A green draconian (Zot:3)
  A deep elf death mage (Crypt:3)
  3 eleionomae
  A black draconian (Zot:3)
  A putrid mouth (Tar:7)
  4 vampire knights
  A wendigo (Coc:7)
  A white draconian (Zig:23)
  A deep elf annihilator (Zig:12)
  3 war gargoyles (Dis:7)
  A starcursed mass (Zig:4)
  2 purple draconians (Zig:23)
  A dire elephant (Vaults:4)
  2 eidola
  4 blizzard demons
  2 green deaths (Swamp:4)
  A spectral spriggan (Tar:1)
  A great orb of eyes (Pan)
  A juggernaut simulacrum (Coc:5)
  A hell beast (Swamp:4)
  An ice dragon (Zot:1)
  A caustic shrike simulacrum (Coc:5)
  An anaconda (Snake:1)
  A hydra (Swamp:4)
  4 alligators
  A death scarab (Tomb:3)
  A spectral stone giant (Tar:2)
  A dancing weapon (Zig:12)
  2 naga warriors (Snake:2)
  2 boulder beetles
  A shock serpent (Snake:1)
  A spectral emperor scorpion (Pan)
  A thrashing horror (Swamp:4)
  2 soul eaters (Pan)
  6 spriggans
  15 sun demons (Pan)
  A salamander mystic (Snake:2)
  2 hellephant skeletons (Pan)
  2 quicksilver dragon simulacra
  5 swamp dragons
  A shadow demon (Coc:6)
  2 goliath frogs
  A spriggan druid (Swamp:2)
  A deep troll (Vaults:2)
  2 bog bodies (Swamp:4)
  A sun moth (Pan)
  A naga ritualist (Snake:1)
  A harpy (Zig:26)
  An ironbound convoker (Vaults:2)
  An orc knight (D:15)
  A deep elf pyromancer (Elf:1)
  A wolf spider (D:15)
  4 ugly things (Swamp:4)
  A spectral ettin (Tar:5)
  A naga mage (Snake:1)
  A black mamba (Snake:1)
  Joseph (D:15)
  2 large abominations
  An orange demon (Pan)
  A water nymph (Zig:26)
  3 guardian serpents
  8 smoke demons (Pan)
  A yaktaur (Vaults:2)
  A hellion (Tar:2)
  A tormentor (Tar:1)
  2 red devils (Pan)
  4 guardian mummies
  5 hellwings (Pan)
  A death drake zombie (Crypt:1)
  6 hornets
  3 tyrant leeches
  2 air elementals
  A shadow (Swamp:4)
  A water elemental (Zig:17)
  A small abomination (Swamp:4)
  6 slime creatures
  2 ynoxinuls (Pan)
  4 dire elephant simulacra
  4 ushabtiu
  A naga simulacrum (Coc:3)
  A chaos spawn (Pan)
  A vampire mosquito (Swamp:1)
  2 nagas
  5 swamp worms
  2 harpy simulacra
  An orc warrior (D:15)
  A boggart (D:15)
  2 weeping skulls (Crypt:3)
  A necrophage (Swamp:4)
  12 mummies
  A ribbon worm (shapeshifter) (Zig:9)
  An orc (D:15)
  5 aspiring fleshes
277 creatures vanquished.

Vanquished Creatures (others)
  A tentacled monstrosity (Swamp:1)
  2 eldritch tentacles
  A fenstrider witch (Swamp:1)
  A lorocyproca (Zig:9)
  A caustic shrike simulacrum (Coc:5)
  2 rakshasas
  A stoker (Geh:4)
  A sixfirhy (Pan)
  A death drake (Swamp:1)
  A hellion (Zig:22)
  3 bloated husks
  A stone giant simulacrum (Coc:3)
  A swamp worm (Swamp:3)
  A white imp (Orc:2)
  2 orcs (Orc:2)
  3 ball lightnings (Pan)
  1290 fire vortices
  6 foxfires (Swamp:2)
  82 fulminant prisms
  A lurking horror (Dis:3)
1402 creatures vanquished.

Grand Total: 6203 creatures vanquished

Notes
Turn   | Place    | Note
-------+----------+-------------------------------------------
     0 | D:1      | Mousus6 the Oni Alchemist began the quest for the Orb.
     0 | D:1      | Reached XP level 1. HP: 16/16 MP: 3/3
    94 | D:1      | Reached XP level 2. HP: 26/26 MP: 0/5
   159 | D:1      | Reached skill level 1 in Fighting
   321 | D:1      | Found Wipidduv's Magic Scroll Boutique.
   398 | D:1      | Reached XP level 3. HP: 24/33 MP: 1/7
   939 | D:1      | Found a faded altar of an unknown god.
  1058 | D:1      | Learned a level 3 spell: Mephitic Cloud
  1195 | D:1      | Bought a scroll of revelation for 75 gold pieces
  1266 | D:2      | Noticed Terence
  1276 | D:2      | Killed Terence
  1277 | D:2      | Reached XP level 4. HP: 40/42 MP: 1/8
  1282 | D:2      | Learned a level 4 spell: Olgreb's Toxic Radiance
  2384 | D:1      | Bought a scroll of teleportation for 30 gold pieces
  2452 | D:3      | Reached XP level 5. HP: 45/50 MP: 8/10
  2705 | D:1      | Bought a scroll of identify for 20 gold pieces
  3358 | D:4      | Reached XP level 6. HP: 45/61 MP: 4/12
  3415 | D:4      | Learned a level 4 spell: Sticky Flame
  3421 | D:4      | Found a radiant altar of Vehumet.
  3422 | D:4      | Noticed a water moccasin
  3440 | D:4      | Became a worshipper of Vehumet
  3480 | D:4      | Killed a water moccasin
  3481 | D:4      | Reached skill level 5 in Alchemy
  3785 | D:4      | Found an ancient bone altar of Kikubaaqudgha.
  3793 | D:4      | Found a snail-covered altar of Cheibriados.
  3794 | D:4      | Found an opulent altar of Gozag.
  3796 | D:4      | Found a glowing silver altar of Zin.
  3797 | D:4      | Found a glowing golden altar of the Shining One.
  3799 | D:4      | Found a hazy altar of Hepliaklqana.
  4070 | D:4      | Reached XP level 7. HP: 70/70 MP: 7/13
  4202 | D:5      | Entered Level 5 of the Dungeon
  4425 | D:5      | Reached skill level 1 in Fire Magic
  4666 | D:5      | Reached skill level 5 in Fighting
  4668 | D:5      | Reached skill level 5 in Spellcasting
  4671 | D:5      | Reached * piety under Vehumet
  4671 | D:5      | Offered knowledge of Freeze by Vehumet.
  4797 | D:5      | Reached XP level 8. HP: 67/80 MP: 6/15
  4953 | D:5      | Noticed Pikel
  4966 | D:5      | Killed Pikel
  5292 | D:5      | You fall into a shaft and drop 2 floors!
  5303 | D:7      | Learned a level 4 spell: Fulminant Prism
  5578 | D:6      | Found a staircase to the Ecumenical Temple.
  5588 | D:6      | Reached XP level 9. HP: 92/92 MP: 18/18
  6325 | D:6      | Reached ** piety under Vehumet
  6325 | D:6      | Offered knowledge of Kiss of Death by Vehumet.
  7018 | D:1      | Bought a scroll of identify for 20 gold pieces
  7018 | D:1      | Bought a scroll of immolation for 40 gold pieces
  7018 | D:1      | Bought a scroll of immolation for 40 gold pieces
  7018 | D:1      | Bought a scroll of identify for 20 gold pieces
  7018 | D:1      | Bought 3 scrolls of teleportation for 90 gold pieces
  8319 | D:8      | Reached XP level 10. HP: 97/106 MP: 13/21
  8443 | D:8      | Offered knowledge of Momentum Strike by Vehumet.
  8566 | D:8      | Found a staircase to the Lair.
  8794 | D:8      | Reached *** piety under Vehumet
  9021 | D:8      | Noticed Erica
  9029 | D:8      | Killed Erica
  9030 | D:8      | Reached skill level 10 in Alchemy
  9527 | D:9      | Offered knowledge of Ignite Poison by Vehumet.
  9533 | D:9      | Reached skill level 10 in Fighting
  9538 | D:9      | Reached XP level 11. HP: 63/119 MP: 16/24
  9769 | D:9      | Reached **** piety under Vehumet
  9784 | D:9      | Found a staircase to the Orcish Mines.
  9882 | D:9      | Offered knowledge of Irradiate by Vehumet.
  9892 | D:9      | Learned a level 5 spell: Irradiate
 10251 | D:10     | Entered Level 10 of the Dungeon
 10419 | D:10     | Found a sacrificial altar of Ru.
 10779 | D:10     | Found an iron altar of Okawaru.
 11306 | Orc:1    | Entered Level 1 of the Orcish Mines
 11352 | Orc:1    | Found Houqoodd's Antique Armour Shoppe.
 11368 | Orc:1    | Reached ***** piety under Vehumet
 11369 | Orc:1    | Offered knowledge of Fireball by Vehumet.
 11378 | Orc:1    | Noticed an orc knight
 11393 | Orc:1    | Killed an orc knight
 11395 | Orc:1    | Reached skill level 10 in Spellcasting
 11668 | Orc:1    | Noticed Jorgrun
 11694 | Orc:1    | Killed Jorgrun
 12086 | Orc:1    | Noticed an orc knight
 12111 | Orc:1    | Killed an orc knight
 12112 | Orc:1    | Reached XP level 12. HP: 132/132 MP: 2/26
 12515 | Orc:1    | Found Cerhial's Specific Store.
 12516 | Orc:1    | Found Piplue's General Store.
 12523 | Orc:1    | Bought a potion of brilliance for 64 gold pieces
 12702 | Orc:2    | Entered Level 2 of the Orcish Mines
 12801 | Orc:2    | Noticed a two-headed ogre
 12814 | Orc:2    | Killed a two-headed ogre
 13052 | Orc:2    | Noticed a two-headed ogre
 13074 | Orc:2    | Killed a two-headed ogre
 13253 | Orc:2    | Noticed a two-headed ogre
 13274 | Orc:2    | Killed a two-headed ogre
 13483 | Orc:2    | Noticed an ogre mage
 13492 | Orc:2    | Killed an ogre mage
 13559 | Orc:2    | Noticed a two-headed ogre
 13574 | Orc:2    | Killed a two-headed ogre
 13913 | Orc:2    | Noticed a two-headed ogre
 13922 | Orc:2    | Killed a two-headed ogre
 13925 | Orc:2    | Noticed a two-headed ogre
 13938 | Orc:2    | Noticed Blork the orc
 13940 | Orc:2    | Killed a two-headed ogre
 13943 | Orc:2    | Killed Blork the orc
 13945 | Orc:2    | Noticed an ogre mage
 14071 | Orc:2    | Noticed a two-headed ogre
 14073 | Orc:2    | Killed an ogre mage
 14073 | Orc:2    | Noticed an ogre mage
 14085 | Orc:2    | Killed an ogre mage
 14218 | Orc:2    | Offered knowledge of Bombard by Vehumet.
 14228 | Orc:2    | Killed a two-headed ogre
 14229 | Orc:2    | Reached XP level 13. HP: 139/145 MP: 15/28
 14251 | Orc:2    | Learned a level 6 spell: Bombard
 14312 | Orc:2    | Reached skill level 1 in Conjurations
 14414 | Orc:2    | Reached skill level 1 in Earth Magic
 15076 | Orc:2    | Found Onenkal's Assorted Antiques.
 15265 | Orc:2    | Found Meotet's Distillery.
 15446 | Orc:2    | Learned a level 2 spell: Blink
 15490 | Orc:2    | Found a staircase to the Elven Halls.
 15569 | Orc:2    | Found Lioluw's Antique Armour Emporium.
 15747 | Lair:1   | Entered Level 1 of the Lair of Beasts
 16804 | Lair:1   | You fall into a shaft and drop 1 floor!
 16845 | Lair:2   | Found a dark tunnel.
 16885 | Volcano  | Entered a volcano
 17135 | Volcano  | Noticed a fire dragon
 17144 | Volcano  | Killed a fire dragon
 17588 | Lair:2   | Offered knowledge of Freezing Cloud by Vehumet.
 17596 | Lair:2   | Learned a level 5 spell: Freezing Cloud
 17715 | Lair:2   | Reached skill level 5 in Conjurations
 17715 | Lair:2   | Reached XP level 14. HP: 134/157 MP: 21/30
 17790 | Lair:2   | Found a staircase to the Snake Pit.
 18896 | Lair:3   | Reached skill level 1 in Ice Magic
 18999 | Lair:3   | Reached skill level 15 in Alchemy
 19058 | Lair:3   | Reached skill level 1 in Air Magic
 19364 | Lair:3   | Found a staircase to the Swamp.
 20865 | Lair:5   | Entered Level 5 of the Lair of Beasts
 21233 | Lair:5   | Reached skill level 15 in Fighting
 22291 | Lair:5   | Offered knowledge of Starburst by Vehumet.
 23006 | Lair:5   | Found a staircase to the Slime Pits.
 23181 | Lair:5   | Found the brooch of Shielding {Spirit SH+8}
 23211 | Lair:5   | Identified the +6 falchion "Eviscerator" {elec, ^Fragile
                  | Fly rCorr}
 23265 | Lair:5   | Reached XP level 15. HP: 167/167 MP: 26/32
 23442 | Orc:1    | Bought a phial of floods for 560 gold pieces
 23825 | D:11     | Reached skill level 5 in Earth Magic
 25728 | D:13     | Noticed Urug
 25744 | D:13     | Killed Urug
 25898 | D:13     | Noticed Erolcha
 25906 | D:13     | Killed Erolcha
 26339 | D:13     | Offered knowledge of Iskenderun's Battlesphere by Vehumet.
 26406 | D:13     | Identified the +5 robe of Precision Catastrophes {Will+}
 26477 | D:13     | Identified the +5 trident of the Demagogue {heavy, rN+}
 26868 | D:13     | Found a gate to the Vaults.
 27825 | D:14     | Noticed Josephine
 27835 | D:14     | Killed Josephine
 28639 | D:14     | Found a sparkling altar of Nemelex Xobeh.
 28708 | D:14     | Noticed Frances
 28712 | D:14     | Reached skill level 5 in Dodging
 28716 | D:14     | Killed Frances
 29239 | D:14     | Reached skill level 5 in Ice Magic
 29377 | D:14     | Learned a level 6 spell: Sculpt Simulacrum
 29899 | D:15     | Entered Level 15 of the Dungeon
 29973 | D:15     | Reached XP level 16. HP: 139/179 MP: 29/34
 30163 | D:15     | Noticed Joseph
 30163 | D:15     | Found the +8 whip "Snakebite" {venom, curare, rPois}
 30173 | D:15     | Offered knowledge of Spellforged Servitor by Vehumet.
 30177 | D:15     | Killed Joseph
 30847 | D:15     | Found a staircase to the Depths.
 31378 | Elf:1    | Entered Level 1 of the Elven Halls
 31538 | Elf:1    | Paralysed by an air elemental for 1 turns
 31932 | Swamp:1  | Entered Level 1 of the Swamp
 32502 | Swamp:1  | Noticed a tentacled monstrosity
 32504 | Swamp:1  | Found a transporter.
 32504 | Swamp:1  | Noticed a tentacled monstrosity
 32504 | Swamp:1  | Noticed TheViccler's ghost (journeyman TrFi)
 32505 | Swamp:1  | Noticed a fenstrider witch
 32506 | Swamp:1  | Noticed a fenstrider witch
 32508 | Swamp:1  | Found a transporter.
 32754 | Swamp:1  | Noticed a fenstrider witch
 32758 | Swamp:1  | Killed a fenstrider witch
 32821 | Swamp:1  | Reached skill level 10 in Conjurations
 33132 | Swamp:1  | Noticed a tentacled monstrosity
 33161 | Swamp:1  | Killed a tentacled monstrosity
 34832 | Orc:1    | Bought a scroll of identify for 32 gold pieces
 34832 | Orc:1    | Bought a scroll of identify for 32 gold pieces
 34833 | Orc:1    | Identified 2 scrolls of acquirement
 34834 | Orc:1    | Acquired the Compilation of Virulence
 34836 | Orc:1    | Acquired the ring of Wale {rElec MP+9 AC+4 Dex+4}
 34945 | Snake:1  | Entered Level 1 of the Snake Pit
 34959 | Snake:1  | Learned a level 6 spell: Eringya's Noxious Bog
 35035 | Snake:1  | Found Zifafobli's Jewellery Shoppe.
 35037 | Snake:1  | Found Zot Biot's Antique Armour Emporium.
 35040 | Snake:1  | Found Zielew's Antique Weapon Shoppe.
 35045 | Snake:1  | Bought a jewelled robe for 176 gold pieces
 35045 | Snake:1  | Identified the +0 robe of the Devil's Team {rPois rF-
                  | Regen+ Str-5} (You bought it in a shop on level 1 of the
                  | Snake Pit)
 35053 | Snake:1  | Offered knowledge of Ignition by Vehumet.
 35101 | Snake:1  | Learned a level 4 spell: Ignite Poison
 35197 | Snake:1  | You fall into a shaft and drop 1 floor!
 35198 | Snake:2  | Noticed Azrael
 35218 | Snake:2  | Killed Azrael
 35347 | Snake:1  | Reached XP level 17. HP: 191/191 MP: 35/35
 36442 | Snake:1  | Reached skill level 15 in Spellcasting
 36705 | Snake:1  | Noticed Roxanne
 36727 | Snake:1  | Killed Roxanne
 36994 | Snake:2  | Reached skill level 10 in Earth Magic
 37588 | Snake:2  | Found Jeuh's Weapon Shoppe.
 38492 | Elf:1    | Identified the +2 robe "Juhe Dee" {rElec}
 39002 | Elf:1    | Reached XP level 18. HP: 204/204 MP: 37/37
 39506 | Elf:2    | Found Myduh's Distillery.
 39517 | Elf:2    | Bought a potion of curing for 57 gold pieces
 39517 | Elf:2    | Bought a potion of curing for 57 gold pieces
 39517 | Elf:2    | Bought a potion of heal wounds for 95 gold pieces
 39558 | Elf:2    | Found an ancient bone altar of Kikubaaqudgha.
 39773 | Elf:2    | Found a runed translucent gate.
 39773 | Elf:2    | Found a runed translucent gate.
 39773 | Elf:2    | Found a runed translucent gate.
 39914 | Elf:2    | Noticed a deep elf blademaster
 39925 | Elf:2    | Killed a deep elf blademaster
 40818 | Elf:3    | Entered Level 3 of the Elven Halls
 41032 | Elf:3    | Reached ****** piety under Vehumet
 41097 | Elf:3    | Found Dobloott's Antique Weapon Shoppe.
 41129 | Elf:3    | Offered knowledge of Fire Storm by Vehumet.
 41129 | Elf:3    | Offered knowledge of Shatter by Vehumet.
 41129 | Elf:3    | Offered knowledge of Maxwell's Capacitive Coupling by
                  | Vehumet.
 41430 | Elf:3    | Noticed a deep elf master archer
 41432 | Elf:3    | Noticed a deep elf master archer
 41434 | Elf:3    | Killed a deep elf master archer
 41435 | Elf:3    | Killed a deep elf master archer
 41812 | Elf:3    | Noticed a deep elf blademaster
 41825 | Elf:3    | Killed a deep elf blademaster
 41912 | Elf:3    | Noticed a deep elf master archer
 42199 | Elf:3    | Killed a deep elf master archer
 42200 | Elf:3    | Reached XP level 19. HP: 185/214 MP: 36/39
 42301 | Elf:3    | Identified the ring of Doubts {+Blink rPois rC+ rN+ Int-3}
 42742 | Elf:3    | Identified the +11 war axe of Kuiskom {elec, MP-9 Int+2
                  | Dex+4}
 42800 | Elf:3    | Paralysed by an air elemental for 1 turns
 43243 | Elf:3    | Identified the +1 cloak of Replomoi {Fly Slay+3}
 43252 | Elf:3    | Identified the +1 pair of gloves "Ysetimue" {Harm Rampage
                  | MP+9}
 43253 | Elf:3    | Identified the staff of Vibberin {rPois Int+3 Dex+3
                  | Alchemy}
 43256 | Elf:3    | Identified the staff "Xeda" {rN+ Necro Earth}
 43275 | Elf:3    | Identified the staff of Subterfuge {rC+ Int+4 Ice Earth}
 44670 | Snake:3  | Reached skill level 1 in Shields
 45531 | Snake:4  | Entered Level 4 of the Snake Pit
 45615 | Snake:4  | Reached skill level 5 in Fire Magic
 46798 | Snake:4  | Got a serpentine rune of Zot
 46903 | Snake:4  | Found a runed translucent door.
 46904 | Snake:4  | Noticed Nattfarinn's ghost (adept NaSh)
 46916 | Snake:4  | Killed Nattfarinn's ghost
 47111 | Swamp:1  | Killed a tentacled monstrosity
 47114 | Swamp:1  | Killed a tentacled monstrosity
 47374 | Swamp:1  | Killed TheViccler's ghost
 47593 | Swamp:3  | Reached XP level 20. HP: 157/226 MP: 40/40
 48158 | Swamp:3  | Found a runed translucent gate.
 48159 | Swamp:3  | Found a runed translucent gate.
 48159 | Swamp:3  | Found a runed translucent gate.
 48160 | Swamp:3  | Noticed Cahekav's ghost (journeyman DrIE)
 48160 | Swamp:3  | Noticed tish's ghost (adept TrFi)
 48160 | Swamp:3  | Noticed Tycrutoi's ghost (journeyman MiFi)
 48183 | Swamp:3  | Killed tish's ghost
 48287 | Swamp:3  | Reached skill level 10 in Dodging
 48589 | Swamp:3  | Killed Tycrutoi's ghost
 48614 | Swamp:3  | Identified the +1 pair of boots of Fedhas's Inspiration
                  | {rElec rN+}
 48617 | Swamp:3  | Identified the +11 whip of Issik {distort, *Rage Str+5}
 48670 | Swamp:3  | Killed Cahekav's ghost
 49145 | Swamp:4  | Entered Level 4 of the Swamp
 49796 | Swamp:4  | Got a decaying rune of Zot
 50357 | Vaults:1 | Entered Level 1 of the Vaults
 51042 | Vaults:1 | Reached skill level 15 in Conjurations
 52188 | Orc:2    | Bought the +5 moon troll leather armour {Spirit, Regen++
                  | MP+5} for 1487 gold pieces
 52188 | Orc:2    | Found the +5 moon troll leather armour {Spirit, Regen++
                  | MP+5}
 52681 | Vaults:2 | Reached XP level 21. HP: 237/237 MP: 42/42
 53066 | Vaults:2 | Reached skill level 5 in Shields
 53507 | Vaults:2 | Identified the serpent talisman "Kuniahokh" {rElec rF+
                  | Dex+2}
 53507 | Vaults:2 | Noticed Aizul
 53515 | Vaults:2 | Killed Aizul
 54029 | Vaults:3 | Found a staircase to the Crypt.
 54486 | Vaults:3 | Reached skill level 10 in Fire Magic
 54699 | Vaults:3 | Noticed Donald
 54728 | Vaults:3 | Killed Donald
 54836 | Vaults:2 | Learned a level 5 spell: Lee's Rapid Deconstruction
 55056 | Vaults:3 | Reached XP level 22. HP: 199/249 MP: 27/44
 57294 | Depths:1 | Entered Level 1 of the Depths
 57322 | Depths:1 | Found a one-way gate to the infinite horrors of the Abyss.
 57918 | Depths:1 | Found a one-way gate leading to the halls of Pandemonium.
 57968 | Depths:1 | Found Nuarr's Serpentskin Sales.
 58200 | Depths:1 | Found a gateway to Hell.
 58476 | Depths:1 | Learned a level 9 spell: Fire Storm
 58615 | Depths:2 | Found Nonyj's Book Shop.
 58754 | Depths:2 | Bought a book of Spontaneous Combustion for 494 gold pieces
 58765 | Depths:2 | Learned a level 8 spell: Ignition
 58875 | Depths:2 | Reached XP level 23. HP: 257/257 MP: 44/45
 58904 | Depths:2 | Noticed a caustic shrike
 58909 | Depths:2 | Killed a caustic shrike
 59180 | Depths:2 | Found an ornate altar of the Wu Jian Council.
 59458 | Depths:2 | Noticed Grunn
 59582 | Depths:2 | Killed Grunn
 59761 | Depths:2 | Found a one-way gateway to a ziggurat.
 60641 | Depths:3 | Noticed a golden dragon
 60656 | Depths:3 | Killed a golden dragon
 60664 | Depths:3 | Identified the +5 arbalest "Transmigrator" {penet, rF+ rC++
                  | Dex+3 SInv}
 60818 | Depths:3 | Identified the staff "Tiuwyr" {^Fragile rElec Int+8 Air}
 60886 | Depths:3 | Identified the +0 war axe of the Tooth {venom, rN+}
 60935 | Depths:3 | Noticed a dread lich
 60944 | Depths:3 | Killed a dread lich
 61261 | Depths:3 | Got the Collected Works on Numb Accelerants
 61428 | Depths:4 | Entered Level 4 of the Depths
 61519 | Depths:4 | Reached XP level 24. HP: 230/266 MP: 46/46
 61671 | Depths:4 | Reached skill level 15 in Fire Magic
 62068 | Depths:4 | Found a gate to the Realm of Zot.
 62389 | Depths:4 | Noticed a caustic shrike
 62389 | Depths:4 | Noticed a caustic shrike
 62389 | Depths:4 | Noticed a caustic shrike
 62391 | Depths:4 | Noticed a caustic shrike
 62395 | Depths:4 | Killed a caustic shrike
 62398 | Depths:4 | Killed a caustic shrike
 62400 | Depths:4 | Killed a caustic shrike
 62402 | Depths:4 | Killed a caustic shrike
 62920 | Slime:1  | Entered Level 1 of the Pits of Slime
 62930 | Slime:1  | Gained mutation: Potions are less effective at restoring
                  | your health. [a shining eye]
 62966 | Slime:1  | Gained mutation: You are weak. (Str -2) [a shining eye]
 63602 | Slime:2  | Gained mutation: Your magical capacity is low. (-10% MP)
                  | [mutagenic glow]
 64779 | Slime:5  | Entered Level 5 of the Pits of Slime
 65180 | Slime:5  | Paralysed by a formless jellyfish for 1 turns
 65516 | Slime:5  | Reached XP level 25. HP: 270/275 MP: 42/42
 65534 | Slime:5  | Noticed the Royal Jelly
 65548 | Slime:5  | Killed the Royal Jelly
 65715 | Slime:5  | Found the +9 staff of Olgreb {rPois∞}
 65761 | Slime:5  | Identified the ring "Xyskehu" {Wiz rElec Will- Int+4}
 65765 | Slime:5  | Got a slimy rune of Zot
 65799 | Slime:5  | Identified the ring "Uskawk" {rElec rF+++ rC+ Str+6 Slay-4}
 65814 | Slime:5  | Identified the +5 spear "Xutecavi" {drain, rF+ Dex+2 SInv}
 65829 | Slime:5  | Identified the +9 morningstar of the Messenger {holy, rPois
                  | rF+ rCorr SInv}
 65942 | Lair:5   | Lost mutation: You are weak. (Str -2) [potion of mutation]
 65942 | Lair:5   | Lost mutation: Your magical capacity is low. (-10% MP)
                  | [potion of mutation]
 65942 | Lair:5   | Gained mutation: You are partially covered in iridescent
                  | scales. (AC +2) [potion of mutation]
 65942 | Lair:5   | Gained mutation: You occasionally lose the ability to drink
                  | potions when taking damage. [potion of mutation]
 65942 | Lair:5   | Gained mutation: Your mind is acute. (Int +4, Str/Dex -1)
                  | [potion of mutation]
 66254 | Crypt:1  | Entered Level 1 of the Crypt
 67562 | Crypt:2  | Acquired a book of Dangerous Friends
 68160 | Crypt:3  | Entered Level 3 of the Crypt
 68244 | Crypt:2  | Learned a level 9 spell: Shatter
 68694 | Crypt:3  | Found a staircase to the Tomb.
 68966 | Crypt:3  | Noticed a royal mummy
 68970 | Crypt:3  | Killed a royal mummy
 69063 | Crypt:3  | Reached skill level 1 in Shapeshifting
 69239 | Crypt:3  | Found an ancient bone altar of Kikubaaqudgha.
 69292 | Crypt:3  | Identified the staff of the Hidden Songs {rPois rN+ Int+2
                  | SInv Conj Necro}
 69308 | Crypt:3  | Identified the ring of Nixky {rPois rC- rN+ Slay+2}
 69308 | Crypt:3  | Identified the ring "Ynoax" {rN+ Slay+6}
 69851 | Crypt:3  | Identified the ring of Kitiothu {rElec rF+ rC- Will+} (You
                  | took it off a guardian mummy on level 3 of the Crypt)
 70118 | Vaults:5 | Entered Level 5 of the Vaults
 70124 | Vaults:5 | Reached XP level 26. HP: 242/284 MP: 48/48
 70145 | Vaults:5 | Gained mutation: Your body sometimes deteriorates upon
                  | taking damage. [mutagenic glow]
 70359 | Vaults:5 | Identified the staff of Brawling {rElec rN+ Str+2 Int-5
                  | Necro}
 70792 | Vaults:5 | Found the +0 mask of the Dragon {Will+ Slay+3 SInv}
 71023 | Vaults:5 | Identified the +2 quarterstaff of Shame {vamp, rPois Int+9
                  | Stlth-}
 71029 | Vaults:5 | Identified the staff "Cefer" {^Fragile rN+ Str+2 SInv
                  | Necro}
 71052 | Vaults:5 | Got Sif Muna's Monograph on the Glowing Shot
 71175 | Vaults:5 | Identified the amulet of Ulaojerph {Faith Str+2}
 71345 | Vaults:5 | Acquired 1062 gold pieces
 71369 | Vaults:5 | Got a silver rune of Zot
 71654 | Vaults:5 | Identified the +7 sling of a Gauntlet {heavy, Int+3 Dex+2}
 72094 | Zot:1    | Entered Level 1 of the Realm of Zot
 72425 | Snake:1  | Bought smoking ice dragon scales for 2015 gold pieces
 72425 | Snake:1  | Identified the +0 ice dragon scales "Sitot" {rF- rC++
                  | Int+3} (You bought it in a shop on level 1 of the Snake
                  | Pit)
 72776 | Zot:1    | Reached skill level 5 in Shapeshifting
 72927 | Abyss:3  | Cast into level 3 of the Abyss (purple draconian)
 73046 | Abyss:3  | Found a corrupted altar of Lugonu.
 73105 | Abyss:3  | Learned a level 1 spell: Apportation
 73178 | Abyss:3  | Noticed a juggernaut
 73184 | Abyss:3  | Got an abyssal rune of Zot
 73190 | Abyss:3  | Killed a juggernaut
 73355 | Depths:4 | Escaped the Abyss
 73405 | Depths:4 | Learned a level 8 spell: Maxwell's Capacitive Coupling
 73442 | Zot:1    | You fall into a shaft and drop 1 floor!
 73448 | Zot:2    | Found a snail-covered altar of Cheibriados.
 73453 | Zot:2    | Gained mutation: You sometimes lose your temper in combat.
                  | [mutagenic glow]
 73456 | Zot:2    | Reached XP level 27. HP: 160/293 MP: 23/48
 73465 | Zot:2    | Gained mutation: You have an uncontrollable temper.
                  | [mutagenic glow]
 73489 | Zot:2    | Lost mutation: Your body sometimes deteriorates upon taking
                  | damage. [potion of mutation]
 73489 | Zot:2    | Lost mutation: Potions are less effective at restoring your
                  | health. [potion of mutation]
 73489 | Zot:2    | Lost mutation: You are partially covered in iridescent
                  | scales. (AC +2) [potion of mutation]
 73489 | Zot:2    | Gained mutation: You are strong-willed. (Will+) [potion of
                  | mutation]
 73489 | Zot:2    | Gained mutation: You have large cloven feet. [potion of
                  | mutation]
 73489 | Zot:2    | Gained mutation: You have supernaturally acute eyesight.
                  | (SInv) [potion of mutation]
 73509 | Zot:2    | Reached skill level 10 in Shapeshifting
 75821 | Zot:3    | Found a shimmering altar of Xom.
 75904 | Zot:3    | Found a glowing silver altar of Zin.
 75904 | Zot:3    | Found a shimmering altar of Xom.
 75904 | Zot:3    | Found a shimmering altar of Xom.
 75905 | Zot:3    | Found a shimmering altar of Xom.
 77321 | Zot:4    | Found a shimmering blue altar of Sif Muna.
 77475 | Zot:4    | Reached skill level 15 in Shapeshifting
 77616 | Zot:5    | Entered Level 5 of the Realm of Zot
 77957 | Zot:5    | Noticed an orb of fire
 77963 | Zot:5    | Killed an orb of fire
 78013 | Zot:5    | Noticed an orb of fire
 78042 | Zot:5    | Killed an orb of fire
 78167 | Zot:5    | Noticed an orb of fire
 78210 | Zot:5    | Noticed a dread lich
 78217 | Zot:5    | Killed a dread lich
 78277 | Zot:5    | Got Numizexe's Discourse on the Chill and the Fifth Circle
 78315 | Zot:5    | Noticed an orb of fire
 78325 | Zot:5    | Noticed a dread lich
 78327 | Zot:5    | Noticed an orb of fire
 78328 | Zot:5    | Killed a dread lich
 78334 | Zot:5    | Killed an orb of fire
 78339 | Zot:5    | Killed an orb of fire
 79246 | Tomb:1   | Entered Level 1 of the Tomb of the Ancients
 79804 | Tomb:1   | Noticed a royal mummy
 79807 | Tomb:1   | Killed a royal mummy
 79895 | Tomb:1   | Noticed a royal mummy
 79897 | Tomb:1   | Killed a royal mummy
 79942 | Tomb:1   | Got Biteted's Wizardry of the Genius of the Arcane
 80030 | Tomb:1   | Noticed a royal mummy
 80031 | Tomb:1   | Killed a royal mummy
 80166 | Tomb:1   | Noticed a royal mummy
 80169 | Tomb:1   | Killed a royal mummy
 80205 | Tomb:1   | Noticed a royal mummy
 80205 | Tomb:1   | Noticed a royal mummy
 80206 | Tomb:1   | Noticed a royal mummy
 80208 | Tomb:1   | Killed a royal mummy
 80208 | Tomb:1   | Killed a royal mummy
 80209 | Tomb:1   | Noticed a royal mummy
 80210 | Tomb:1   | Killed a royal mummy
 80211 | Tomb:1   | Killed a royal mummy
 80274 | Tomb:1   | Noticed a royal mummy
 80276 | Tomb:1   | Killed a royal mummy
 80490 | Tomb:1   | Noticed a royal mummy
 80492 | Tomb:1   | Killed a royal mummy
 80501 | Tomb:1   | Noticed a royal mummy
 80504 | Tomb:1   | Killed a royal mummy
 80515 | Tomb:1   | Noticed a royal mummy
 80518 | Tomb:1   | Killed a royal mummy
 80586 | Tomb:1   | Noticed a royal mummy
 80589 | Tomb:1   | Killed a royal mummy
 80589 | Tomb:1   | Killed a royal mummy
 80844 | Tomb:3   | Entered Level 3 of the Tomb of the Ancients
 80861 | Tomb:3   | Noticed a royal mummy
 80863 | Tomb:3   | Killed a royal mummy
 80866 | Tomb:3   | Noticed a royal mummy
 80867 | Tomb:3   | Killed a royal mummy
 80870 | Tomb:3   | Noticed a royal mummy
 80873 | Tomb:3   | Killed a royal mummy
 80887 | Tomb:3   | Noticed a royal mummy
 80890 | Tomb:3   | Killed a royal mummy
 80890 | Tomb:3   | Noticed a royal mummy
 80893 | Tomb:3   | Killed a royal mummy
 80907 | Tomb:3   | Noticed a royal mummy
 80977 | Tomb:3   | Killed a royal mummy
 80978 | Tomb:3   | Found the +7 staff of the Meek {protect, meekguard}
 80983 | Tomb:3   | Noticed a royal mummy
 80985 | Tomb:3   | Killed a royal mummy
 80985 | Tomb:3   | Killed a royal mummy
 80991 | Tomb:3   | Got the Handbook of the Tundras
 81003 | Tomb:3   | Identified the staff "Bynidikhit" {rN+ rCorr Str+3 Necro
                  | Earth}
 81006 | Tomb:3   | Identified the +0 cloak "Qikeup" {rElec rC++ Regen+}
 81014 | Tomb:3   | Identified the ring "Mius" {Fly rElec rC+ rCorr Stlth-}
 81029 | Tomb:3   | Identified the +7 scimitar of the Enchanting Gods {flame,
                  | rC+ Str-2 SInv}
 81114 | Tomb:3   | Noticed a royal mummy
 81121 | Tomb:3   | Killed a royal mummy
 81279 | Tomb:3   | Identified the ring "Yba Ruw" {rC+ rCorr Str+3 Int+5 Dex-4}
 81374 | Tomb:3   | Got a golden rune of Zot
 81494 | Tomb:2   | Noticed a royal mummy
 81497 | Tomb:2   | Killed a royal mummy
 81505 | Tomb:2   | Noticed a royal mummy
 81507 | Tomb:2   | Killed a royal mummy
 81508 | Tomb:2   | Noticed a royal mummy
 81510 | Tomb:2   | Killed a royal mummy
 81510 | Tomb:2   | Killed a royal mummy
 82522 | Hell     | Entered the Vestibule of Hell
 82522 | Hell     | Noticed Geryon
 82589 | Hell     | Killed Geryon
 82722 | Hell     | Reached skill level 5 in Air Magic
 82861 | Hell     | Found a gateway to the freezing wastes of Cocytus.
 83018 | Hell     | Found a gateway to the decaying netherworld of Tartarus.
 83157 | Hell     | Found a gateway to the Iron City of Dis.
 83243 | Hell     | Found a gateway to the ashen valley of Gehenna.
 83514 | Pan      | Entered Pandemonium
 83541 | Pan      | Noticed Ithryuf the pandemonium lord
 83547 | Pan      | Killed Ithryuf the pandemonium lord
 84216 | Pan      | Entered the realm of Lom Lobon.
 84291 | Pan      | Found an exit through the horrors of the Abyss.
 85140 | Pan      | Noticed Lom Lobon
 85163 | Pan      | Killed Lom Lobon
 85176 | Pan      | Got a magical rune of Zot
 85177 | Pan      | Lost mutation: Your mind is acute. (Int +4, Str/Dex -1)
                  | [potion of mutation]
 85177 | Pan      | Lost mutation: You are strong-willed. (Will+) [potion of
                  | mutation]
 85177 | Pan      | Gained mutation: You are robust. (+10% HP) [potion of
                  | mutation]
 85177 | Pan      | Gained mutation: Your spells are a little harder to cast,
                  | but a little more powerful. [potion of mutation]
 85529 | Pan      | Entered the realm of Cerebov.
 85662 | Pan      | Reached skill level 15 in Earth Magic
 85668 | Pan      | Found an exit through the horrors of the Abyss.
 85748 | Pan      | Identified the ring of the Open Hand {+Blink SInv}
 86132 | Pan      | Identified the ring "Duwec" {rElec Str+3 Slay+4 SInv}
 86292 | Pan      | Found the +6 sword of Cerebov {flame}
 86292 | Pan      | Noticed Cerebov
 86310 | Pan      | Killed Cerebov
 86320 | Pan      | Identified the +10 halberd of the Vanishing Spirits
                  | {freeze, *Rage Int+3 Dex+3 Stlth+}
 86394 | Pan      | Got a fiery rune of Zot
 86427 | Pan      | Identified the +5 mace "Mummett" {venom, Stlth+}
 86449 | Pan      | Identified the +3 falchion of Dishonesty {antimagic, Str+2
                  | Int+2}
 86453 | Pan      | Got Qyoptoum's Anthology of Cunning Immolation
 86455 | Pan      | Identified the +5 mace of the Endless Visions {holy, rElec
                  | rC+ rN+}
 86606 | Pan      | Reached skill level 10 in Air Magic
 86623 | Pan      | Reached skill level 10 in Shields
 86965 | Pan      | Reached skill level 1 in Maces & Flails
 87152 | Pan      | Found an exit through the horrors of the Abyss.
 87204 | Pan      | Upgraded the game from 0.32-a0-128-g77eb882913 to
                  | 0.32-a0-132-g2d33c3cfaf
 87350 | Pan      | Reached skill level 1 in Evocations
 87397 | Pan      | Noticed Bun Fimu the pandemonium lord
 87403 | Pan      | Killed Bun Fimu the pandemonium lord
 87723 | Pan      | Found a runed translucent door.
 87749 | Pan      | Got a demonic rune of Zot
 87926 | Pan      | Entered the realm of Mnoleg.
 87932 | Pan      | Noticed Mnoleg
 87938 | Pan      | Killed Mnoleg
 88028 | Pan      | Got a glowing rune of Zot
 88143 | Pan      | Reached skill level 5 in Maces & Flails
 88186 | Depths:2 | Escaped Pandemonium
 88291 | Coc:1    | Entered Level 1 of Cocytus
 89211 | Coc:4    | Learned a level 7 spell: Spellforged Servitor
 89493 | Coc:6    | Noticed an ancient lich
 89498 | Coc:6    | Noticed a dread lich
 89501 | Coc:6    | Killed an ancient lich
 89506 | Coc:6    | Noticed a dread lich
 89509 | Coc:6    | Noticed an ancient lich
 89509 | Coc:6    | Noticed a dread lich
 89510 | Coc:6    | Noticed a dread lich
 89542 | Coc:6    | Killed a dread lich
 89544 | Coc:6    | Noticed a dread lich
 89545 | Coc:6    | Killed a dread lich
 89545 | Coc:6    | Killed a dread lich
 89546 | Coc:6    | Reached skill level 5 in Evocations
 89547 | Coc:6    | Killed a dread lich
 89548 | Coc:6    | Killed a dread lich
 89552 | Coc:6    | Paralysed by a wendigo for 1 turns
 89560 | Coc:6    | Killed an ancient lich
 89879 | Coc:7    | Entered Level 7 of Cocytus
 90308 | Coc:7    | Reached skill level 10 in Maces & Flails
 90737 | Coc:7    | Learned a level 9 spell: Chain Lightning
 90951 | Coc:7    | Noticed Antaeus
 90955 | Coc:7    | Killed Antaeus
 90963 | Coc:7    | Got an icy rune of Zot
 90970 | Coc:7    | Identified the ring of Gieno {Fly rN+}
 90973 | Coc:7    | Identified the amulet of Ongitusi {Spirit Will+}
 91255 | Zig:1    | Entered Level 1 of a ziggurat
 91269 | Zig:2    | Entered Level 2 of a ziggurat
 91292 | Zig:3    | Entered Level 3 of a ziggurat
 91315 | Zig:4    | Entered Level 4 of a ziggurat
 91338 | Zig:5    | Entered Level 5 of a ziggurat
 91389 | Zig:6    | Entered Level 6 of a ziggurat
 91418 | Zig:7    | Entered Level 7 of a ziggurat
 91422 | Zig:7    | Noticed an ancient lich
 91423 | Zig:7    | Killed an ancient lich
 91425 | Zig:7    | Noticed an ancient lich
 91428 | Zig:7    | Killed an ancient lich
 91462 | Zig:7    | Got the Teachings on Grounded Beguiling
 91473 | Zig:7    | Learned a level 8 spell: Lehudib's Crystal Spear
 91486 | Zig:8    | Entered Level 8 of a ziggurat
 91533 | Zig:9    | Entered Level 9 of a ziggurat
 91609 | Zig:9    | Identified the staff of Qamaymy {rF+ MP+9 Dex+3 Fire}
 91616 | Zig:10   | Entered Level 10 of a ziggurat
 91625 | Zig:10   | Noticed a dread lich
 91627 | Zig:10   | Reached skill level 1 in Staves
 91627 | Zig:10   | Killed a dread lich
 91640 | Zig:10   | Found the +16 obsidian axe {drain, demonic, Mesm ^Drain Fly
                  | SInv}
 91645 | Zig:10   | Got the Cyclopedia of Injury
 91672 | Zig:11   | Entered Level 11 of a ziggurat
 91696 | Zig:11   | Identified the amulet "Yzxobuikh" {RegenMP rF+ Will- rCorr}
 91702 | Zig:11   | Identified the +4 ring mail of Vuchafis {Harm}
 91704 | Zig:11   | Identified the staff of Death's Door {rPois rF+ Str+4 Conj
                  | Alchemy}
 91711 | Zig:11   | Identified the +11 triple sword of Death {elec, Int+5
                  | Stlth+}
 91712 | Zig:11   | Identified the amulet "Araje" {rC- Will+ Regen+ Dex+3}
 91717 | Zig:12   | Entered Level 12 of a ziggurat
 91724 | Zig:12   | Paralysed by an air elemental for 1 turns
 91746 | Zig:12   | Identified the staff of Ileinutt {rPois Stlth+ Conj}
 91748 | Zig:12   | Got the Elucidation of the Alluring Gift
 91752 | Zig:12   | Identified the ring "Jirob" {rElec rN+ Int+3 Dex+6 Slay+2}
 91777 | Zig:13   | Entered Level 13 of a ziggurat
 91790 | Zig:13   | Noticed an orb of fire
 91791 | Zig:13   | Noticed an orb of fire
 91791 | Zig:13   | Noticed an orb of fire
 91794 | Zig:13   | Killed an orb of fire
 91794 | Zig:13   | Killed an orb of fire
 91795 | Zig:13   | Killed an orb of fire
 91833 | Zig:14   | Entered Level 14 of a ziggurat
 91849 | Zig:14   | Reached skill level 5 in Staves
 91866 | Zig:14   | Identified the +9 great sword of Morogh {flame, rElec Dex-3
                  | SInv}
 91899 | Zig:15   | Entered Level 15 of a ziggurat
 92014 | Zig:16   | Entered Level 16 of a ziggurat
 92049 | Zig:16   | Reached skill level 15 in Shields
 92141 | Zig:17   | Entered Level 17 of a ziggurat
 92153 | Zig:17   | Paralysed by an air elemental for 1 turns
 92157 | Zig:17   | Paralysed by an air elemental for 1 turns
 92208 | Zig:17   | Found the +9 sword of Power {lifebolt}
 92229 | Zig:17   | Identified the ring "Moas" {rF+ rC+ Will+}
 92238 | Zig:18   | Entered Level 18 of a ziggurat
 92259 | Zig:18   | Noticed Ischuote the pandemonium lord
 92277 | Zig:18   | Killed Ischuote the pandemonium lord
 92344 | Zig:18   | Identified the ring of Stoicism {rC+ rN+ rCorr Str+3 Dex-2}
 92345 | Zig:18   | Identified the +0 robe of the Old World {rElec rPois
                  | Regen+}
 92352 | Zig:18   | Identified the +0 plate armour of Zihaud {Harm Str+3}
 92354 | Zig:18   | Identified the amulet of Lilacs {Faith Str+5}
 92359 | Zig:18   | Identified the +11 lajatang of Resourcefulness {flame, rN+}
 92360 | Zig:18   | Identified the staff of Naelifue {rPois Int+2 Alchemy}
 92363 | Zig:18   | Identified the staff of Chagrin {^Fragile rPois rC+ rN+
                  | Conj Alchemy}
 92367 | Zig:19   | Entered Level 19 of a ziggurat
 92488 | Zig:19   | Identified the staff of the Establishment {rCorr Int+3
                  | Dex+7 Conj}
 92498 | Zig:19   | Identified the staff "Celiv" {+Blink rC+ Str+3 Conj}
 92499 | Zig:19   | Identified the +3 orcbow "Goblin's Curse" {freeze, rPois
                  | MP-9 SInv}
 92500 | Zig:19   | Identified the +7 arbalest of Greed {flame, rC+ Str+2}
 92513 | Zig:19   | Identified the +7 long sword of the Writhing Whale {flame,
                  | rPois Str+3}
 92526 | Zig:20   | Entered Level 20 of a ziggurat
 92546 | Zig:20   | Noticed an ancient lich
 92550 | Zig:20   | Noticed a dread lich
 92551 | Zig:20   | Noticed a dread lich
 92551 | Zig:20   | Noticed a dread lich
 92552 | Zig:20   | Killed an ancient lich
 92552 | Zig:20   | Killed a dread lich
 92552 | Zig:20   | Noticed an ancient lich
 92553 | Zig:20   | Killed a dread lich
 92554 | Zig:20   | Killed an ancient lich
 92554 | Zig:20   | Killed a dread lich
 92555 | Zig:20   | Killed a dread lich
 92558 | Zig:20   | Noticed an ancient lich
 92559 | Zig:20   | Noticed an ancient lich
 92561 | Zig:20   | Killed an ancient lich
 92561 | Zig:20   | Killed an ancient lich
 92571 | Zig:20   | Found the ring of the Hare {EV+10}
 92571 | Zig:20   | Found the +0 pair of fencer's gloves {Riposte Dex+3}
 92572 | Zig:20   | Found the ring of the Mage {Wiz Archmagi}
 92585 | Zig:20   | Identified the ring of Sorch {rPois Int+3 Dex+6}
 92604 | Zig:20   | Identified the +9 short sword of the Radish {flame, rC+}
 92617 | Zig:20   | Identified the +2 robe of the Lusting Gods {+Inv rN++ rCorr
                  | Dex-3}
 92624 | Zig:21   | Entered Level 21 of a ziggurat
 92672 | Zig:21   | Identified the +0 steam dragon scales of Decompression {rF+
                  | Dex+2 SInv}
 92684 | Zig:21   | Identified the +5 plate armour of the Gusle {Str+5 Int+4
                  | Dex-3}
 92695 | Zig:21   | Identified the ring of the Past {rC+++ rCorr Int-5 Dex+6
                  | Stlth+}
 92698 | Zig:21   | Identified the ring "Trusted Companion" {rC+ Will+ Str-2
                  | SInv}
 92700 | Zig:21   | Identified the +9 dagger "Riotid" {chaos, rElec Will+}
 92701 | Zig:21   | Identified the +0 scale mail of Spite {rC- rN+++ Int+3
                  | SInv}
 92707 | Zig:22   | Entered Level 22 of a ziggurat
 92736 | Zig:22   | Noticed Pevakas the pandemonium lord
 92740 | Zig:22   | Killed Pevakas the pandemonium lord
 92791 | Zig:22   | Identified the staff of Amorality {Str+3 Int-4 SInv Necro
                  | Earth}
 92792 | Zig:22   | Identified the staff of Woe {rF+ rCorr MP+9 Earth}
 92793 | Zig:22   | Identified the staff of Xom's Generosity {rF+ rC- Will+
                  | rCorr Int+3 Fire}
 92803 | Zig:22   | Identified the ring "Goetos" {+Blink rC+ Will+}
 92819 | Zig:23   | Entered Level 23 of a ziggurat
 92863 | Zig:23   | Found the dreamshard necklace {Acrobat *Dream}
 92868 | Zig:23   | Identified the +1 robe of Hiacecinn {rF+ rC+ Dex+4}
 92870 | Zig:23   | Identified the ring of Ustas {Fire rPois rN+ Slay+5 Stlth+}
 92877 | Zig:23   | Identified the +0 ring mail of Borgh {Will++ SInv}
 92920 | Zig:24   | Entered Level 24 of a ziggurat
 92957 | Zig:24   | Found the +4 skin of Zhor {*Englaciate rC+++ SInv}
 92977 | Zig:24   | Identified the staff "Xiwkit" {rC+ rCorr Earth}
 92982 | Zig:24   | Identified the +2 shortbow "Hell-Harrower" {flame, rC++
                  | Will+++ Dex-3}
 92993 | Zig:25   | Entered Level 25 of a ziggurat
 93077 | Zig:25   | Found the +7 sceptre of Torment {pain, torment}
 93141 | Zig:26   | Entered Level 26 of a ziggurat
 93244 | Zig:26   | Identified the ring "Hokhle" {*Slow Fly Str+3 Dex+2}
 93250 | Zig:26   | Identified the staff "Nyhofidieh" {rElec rF+ Dex+3 Fire}
 93266 | Zig:26   | Reached skill level 27 in Shields
 93280 | Zig:26   | Identified the serpent talisman "Tydu" {MP-9 Int+8 Stlth+}
 93291 | Zig:27   | Entered Level 27 of a ziggurat
 93315 | Zig:27   | Reached skill level 1 in Armour
 93325 | Zig:27   | Noticed a dread lich
 93328 | Zig:27   | Killed a dread lich
 93329 | Zig:27   | Noticed a dread lich
 93330 | Zig:27   | Killed a dread lich
 93332 | Zig:27   | Noticed a dread lich
 93332 | Zig:27   | Noticed an ancient lich
 93334 | Zig:27   | Killed an ancient lich
 93334 | Zig:27   | Killed a dread lich
 93334 | Zig:27   | Noticed an ancient lich
 93334 | Zig:27   | Noticed an ancient lich
 93336 | Zig:27   | Killed an ancient lich
 93338 | Zig:27   | Killed an ancient lich
 93412 | Zig:27   | Identified the +1 trident of Hamuacirr {elec, Int+2 Stlth+}
 94094 | Tar:1    | Entered Level 1 of Tartarus
 94308 | Tar:2    | Reached skill level 5 in Armour
 94530 | Tar:3    | You fall into a shaft and drop 2 floors!
 94849 | Tar:7    | Entered Level 7 of Tartarus
 95036 | Tar:7    | Noticed a dread lich
 95066 | Tar:7    | Killed a dread lich
 95107 | Tar:7    | Reached skill level 1 in Throwing
 95395 | Tar:7    | Noticed a dread lich
 95396 | Tar:7    | Paralysed by a dread lich for 5 turns
 95401 | Tar:7    | Killed a dread lich
 95402 | Tar:7    | Reached skill level 10 in Evocations
 95585 | Tar:7    | Noticed an ancient lich
 95588 | Tar:7    | Killed an ancient lich
 95657 | Tar:7    | Noticed the Serpent of Hell
 95662 | Tar:7    | Killed the Serpent of Hell
 96189 | Tar:7    | Reached skill level 5 in Throwing
 96228 | Tar:7    | Identified the +0 cloak "Pusog" {Str+2}
 96230 | Tar:7    | Got Raqaxzir's Octavo of the Chilly Gang
 96231 | Tar:7    | Identified the staff of the Hammering Genius {rPois rF+
                  | Alchemy}
 96323 | Tar:7    | Identified the ring of Rulosaem {Fly rElec Int+6 Dex+3}
 96355 | Tar:7    | Noticed Ereshkigal
 96359 | Tar:7    | Killed Ereshkigal
 96364 | Tar:7    | Noticed a dread lich
 96376 | Tar:7    | Killed a dread lich
 96386 | Tar:7    | Reached skill level 15 in Air Magic
 96558 | Tar:7    | Identified the staff of Disharmony {rElec rPois Int-3 SInv
                  | Summ Air}
 96792 | Tar:7    | Got a bone rune of Zot
 96898 | Hell     | Acquired an orb of energy
 96899 | Hell     | Acquired the +5 giant spiked club of Cilomn {holy, rPois
                  | Str+3 Dex-5 SInv}
 96935 | Dis:1    | Entered Level 1 of the Iron City of Dis
 97403 | Dis:3    | Found a corrupted altar of Lugonu.
 97660 | Dis:4    | Reached skill level 5 in Stealth
 98242 | Dis:7    | Entered Level 7 of the Iron City of Dis
 98272 | Dis:7    | Identified the +4 sling of Disintegration {drain, Dex+7}
 98339 | Dis:7    | Reached skill level 10 in Throwing
 98582 | Dis:7    | Reached skill level 10 in Armour
 98762 | Dis:7    | Noticed a juggernaut
 98766 | Dis:7    | Killed a juggernaut
 98921 | Dis:7    | Noticed an ancient lich
 98924 | Dis:7    | Killed an ancient lich
 99043 | Dis:7    | Identified the +3 robe of Insurance {rCorr}
 99047 | Dis:7    | Identified the staff of the Lusting Gods {rN+ Summ Necro
                  | Fire}
 99134 | Dis:7    | Noticed a juggernaut
 99137 | Dis:7    | Killed a juggernaut
 99286 | Dis:7    | Noticed a juggernaut
 99292 | Dis:7    | Killed a juggernaut
 99401 | Dis:7    | Identified the staff "Ahofrar" {Int+3 Conj}
 99402 | Dis:7    | Identified the ring "Ohez Xet" {rN++ Will+ Str-2 SInv}
100101 | Dis:7    | Noticed Dispater
100107 | Dis:7    | Killed Dispater
100123 | Dis:7    | Identified the staff "Oboas" {rElec rPois rCorr Int+3 Tloc
                  | Air}
100126 | Dis:7    | Identified the +4 ring mail of Wu Jian's Favour {Will+
                  | Regen+ rCorr Int-4}
100128 | Dis:7    | Got an iron rune of Zot
100331 | Geh:1    | Entered Level 1 of Gehenna
101661 | Geh:5    | You fall into a shaft and drop 1 floor!
101909 | Geh:7    | Entered Level 7 of Gehenna
102111 | Geh:7    | Reached skill level 15 in Throwing
102856 | Geh:7    | Found the +13 sceptre of Asmodeus
102856 | Geh:7    | Noticed Asmodeus
102861 | Geh:7    | Killed Asmodeus
102894 | Geh:7    | Got an obsidian rune of Zot
104140 | Pan      | Entered Pandemonium
104145 | Pan      | Noticed Wuecoar the pandemonium lord
104153 | Pan      | Killed Wuecoar the pandemonium lord
104225 | Pan      | Found an exit through the horrors of the Abyss.
104253 | Pan      | Noticed Luyc the pandemonium lord
104263 | Pan      | Killed Luyc the pandemonium lord
104279 | Pan      | Entered the realm of Gloorx Vloq.
104283 | Pan      | Noticed Gloorx Vloq
104290 | Pan      | Killed Gloorx Vloq
104318 | Pan      | Got a dark rune of Zot
104548 | Pan      | Noticed Joshru the pandemonium lord
104553 | Pan      | Killed Joshru the pandemonium lord
104672 | Pan      | Found an exit through the horrors of the Abyss.
104686 | Pan      | Took an exit into the Abyss.
104686 | Abyss:3  | Escaped into the Abyss
104712 | Depths:1 | Escaped the Abyss
104751 | Depths:4 | Identified the +1 chain mail "Surch" {Will+ Int+3}
104947 | Zot:5    | Got the Orb of Zot
104966 | Zot:5    | Noticed Efunibbo the pandemonium lord
104970 | Zot:5    | Killed Efunibbo the pandemonium lord
104994 | Zot:5    | Killed an orb of fire
105305 | D:11     | Reached skill level 27 in Fighting
105503 | D:$      | Escaped with the Orb!

Illustrated notes

Levels and vault maps discovered:
D:1:      minmay_arrival_three_doors, layout_rooms, serial_shops,
          nicolae_shop_waterfront, hellmonk_ecumenical_altar_zigzags,
          serial_bayou_pond_b, minmay_unequal
D:2:      layout_loops_ring, uniq_terence
D:3:      layout_loops_cross
D:4:      layout_basic, mainiacjoe_overflow_brackets, minitemple
D:5:      layout_loops_corners, columned_hall_lemuel, uniq_pikel
D:6:      layout_basic, minmay_temple_entry_slanted, minmay_misc_feat_square
D:7:      layout_layer_cave, roderic_malta_cross, corexii_leaking_fountain,
          chequers_serial_rivers_small_3, minmay_fractal_squares_5
D:8:      layout_basic, due_lair_maze_entry_diamond, glass_columns_a, uniq_erica
D:9:      layout_basic, erik_orc_4, grunt_livestock
D:10:     layout_grid_maze, kennysheep_okawaru_gauntlet,
          mainiacjoe_overflow_paths, grunt_ministairs_15,
          nicolae_concentric_dashed_squares_wild, minmay_misc_feat_cross
D:11:     layout_loops_ring
D:12:     layout_long_grid
D:13:     layout_basic, grunt_vaults_entry_tiered, uniq_urug, uniq_erolcha
D:14:     nicolae_moon_pools, layout_loops_corners, nemelex_lonely_heart_becter,
          uniq_frances, uniq_josephine
D:15:     grunt_enter_depths_snipers, layout_long_grid, minivault_25,
          minmay_sticks_and_stones
Lair:1:   layout_layer_cave
Lair:2:   layout_roguey, guppyfry_snake_entry_garden,
          nicolae_volcano_entry_vermiform, gauntlet_entry_generic
Lair:3:   layout_chaotic_city, mainiacjoe_swamp_entry_lozenge_pond,
          infiniplex_staircase_pool_2
Lair:4:   layout_regular_city
Lair:5:   minmay_lair_end_frog_pond, layout_regular_city, slime_entry_1
Swamp:1:  cheibrodos_swamp_monstrosity, layout_basic_swamp,
          gammafunk_ghost_arena, evilmike_swamp_ruin_house_2, swamp_pool_4
Swamp:2:  layout_basic_swamp, nicolae_swamp_ascending_descending, swamp_pool_3
Swamp:3:  layout_basic_swamp, gammafunk_ghost_cemetery, serial_swamp_ruin,
          evilmike_swamp_ruin_house_5, evilmike_swamp_ruin_house_1, swamp_pool_4
Swamp:4:  swamp_vile, layout_basic_swamp
Snake:1:  layout_honeycomb, minmay_snake_pond, grunt_megastairs_5,
          minmay_shop_star, uniq_roxanne
Snake:2:  layout_rooms, serial_shops, shop_fountains, uniq_azrael
Snake:3:  layout_chambers
Snake:4:  snake_pit, layout_rooms, gammafunk_ghost_grave
Slime:1:  layout_caves
Slime:2:  cheibrodos_slime_lost_civilization_3, layout_caves
Slime:3:  cheibrodos_slime_lost_civilization_9, layout_caves
Slime:4:  layout_caves
Slime:5:  slime_pit_nicolae_royal_road_to_ruin
Orc:1:    layout_diamond_mine, serial_shops, nicolae_shop_behind_doors,
          nicolae_specific_store, uniq_jorgrun
Orc:2:    st_orc_town, layout_diamond_mine, basic_altar,
          regret_index_minedec_shroomtown_chain, hangedman_minor_magic
Elf:1:    nicolae_elf_arrival_no_cutting_in_line, layout_gridlike,
          serial_corexii_hall, chequers_hall_statues_y, corexii_hall_statues_l,
          hangedman_elven_crosses_minicolossus
Elf:2:    elven_hall_of_blades_hangedman_original [grunt_blade_entry_basic],
          layout_geoelf_grid, basic_altar, serial_shops, shop
Elf:3:    minmay_elf_hall_circle, layout_geoelf_grid, serial_shops, shop,
          ebering_dispersal_statue_hall
Vaults:1: nicolae_vaults_little_squares_4, nicolae_vaults_trapezoid_layered,
          nicolae_vaults_storage_closets_1, v_misc_24,
          nicolae_vaults_door_testing_chamber, hangedman_vaults_restitches,
          nicolae_vaults_surprise_closet, ontoclasm_vaults_decontamination,
          ontoclasm_vaults_eye, hangedman_vaults_trim, nicolae_vaults_diamond_1,
          nicolae_vaults_antechamber_and_loot_room, v_misc_19,
          layout_vaults_omnicross
Vaults:2: hangedman_vaults_snaps, grunt_vaults_hallway_short,
          vaults_mumra_chevron, nicolae_vaults_swerve,
          vaults_dpeg_emergency_exit, nicolae_vaults_stepped_doors,
          nicolae_vaults_spaceships, vaults_mumra_minichess_inversion,
          dpeg_vaults_monster_box, nicolae_vaults_tetromino_L_2,
          nicolae_vaults_more_shelving_1, nicolae_vaults_tetromino_Z_2,
          nicolae_vaults_double_plus_1, layout_vaults_chaotic_city, uniq_aizul
Vaults:3: v_misc_12, minmay_crypt_entry_simple_statues,
          ontoclasm_vaults_misaligned, st_greater_box_5,
          vaults_room_ringed_pool, v_alt_pattern_2, nicolae_vaults_prndl,
          nicolae_vaults_tetromino_L_1, nicolae_vaults_closet_pinwheel_3,
          nicolae_vaults_heart-shaped_vault, v_misc_23,
          nicolae_vaults_tangram_2, nicolae_vaults_house_3, grunt_vaults_funnel,
          layout_vaults_maze, uniq_donald
Vaults:4: v_misc_23, vaults_room_door_hall, vaults_room_semicircle,
          hangedman_vaults_capsules, hangedman_vaults_corner,
          hangedman_vaults_impose, v_misc_29, nicolae_vaults_storage_closets_3,
          layout_vaults_omnigrid
Vaults:5: serial_shops
Crypt:1:  layout_gridlike, serial_sigils_hangedman_clutch,
          grunt_crypt_arrival_split
Crypt:2:  layout_rooms, serial_sigils_hangedman_leer,
          nicolae_crypt_skeletal_stairs
Crypt:3:  church_of_pain_bobbens, layout_chaotic_city,
          nicolae_tomb_entry_unfolded_pyramid_orthogonal
Tomb:1
Tomb:2
Tomb:3
Depths:1: layout_gridlike, abyss_entry, lightli_too_deep, pan_entry,
          corexii_corridor_pit, guppyfry_shop_venom, nicolae_triple_integral
Depths:2: hangedman_cross_veins, layout_twisted_cross, enter_ziggurat_b,
          grunt_pan_entry_in_and_out, hangedman_coc_ice_floe,
          nzn_wu_jian_contemplation, kennysheep_windowed_goal, uniq_grunn
Depths:3: hangedman_crystal_crosses_colossus [crystal_crosses_arms_four,
          crystal_crosses_arms_two, crystal_crosses_arms_one], abyss_entry,
          pan_entry, hell_entry
Depths:4: evilmike_zot_entry_diamond, layout_gridlike,
          hangedman_tar_grid_catacomb
Hell
Dis:1:    layout_subdivisions
Dis:2:    layout_overlapping_boxes
Dis:3:    layout_subdivisions, amcnicky_altar_lugonu_corruption
Dis:4:    layout_overlapping_boxes
Dis:5:    layout_subdivisions
Dis:6:    layout_gridville, minmay_strange_pillars
Dis:7:    dis_grunt_layers
Geh:1:    layout_gehenna_pools_box
Geh:2:    layout_gehenna_pools_basic, nicolae_geh_lava_lounge
Geh:3:    layout_gehenna_lava_caves
Geh:4:    layout_gehenna_pools_basic
Geh:5:    layout_gehenna_pools_box, lemuel_old_faithful
Geh:6:    layout_gehenna_lava_caves
Geh:7:    geh_hangedman
Coc:1:    layout_cocytus_water_paths
Coc:2:    layout_ice_bergs
Coc:3:    layout_cocytus_delve
Coc:4:    layout_cocytus_delve
Coc:5:    layout_ice_bergs
Coc:6:    nicolae_hells_demon_pit, layout_ice_bergs, nicolae_hells_leichenhalle
Coc:7:    coc_old
Tar:1:    layout_honeycomb
Tar:2:    layout_grid_maze, nicolae_tar_grid_combs
Tar:3:    layout_honeycomb, nicolae_tar_cuneiform_not,
          nicolae_tar_cuneiform_city
Tar:5:    layout_grid_maze, nicolae_tar_cuneiform_heaven
Tar:6:    layout_cathedral_of_symmetry
Tar:7:    tar_grunt_cathedral
Zot:1:    kennysheep_room_grid, layout_gridlike, regret_index_zotdec_dark_gr,
          st_small_dragon_hoard_3
Zot:2:    layout_basic, regret_index_zotdec_serpentine_scales
Zot:3:    dreamdust_zin_vs_xom, layout_twisted_circle,
          hangedman_zot_decor_scrapings, uniq_josephina
Zot:4:    layout_misc_corridors, regret_index_zotdec_magical_s, st_stairs_1
Zot:5:    layout_misc_corridors, st_stairs_10

Skill      XL: |  1  2  3  4  5  6  7  8  9 10 11 12 13 14 15 16 17 18 19 20 21 22 23 24 25 26 27 |
---------------+----------------------------------------------------------------------------------+-----
Fighting       | 1 2 3 4 5 6 8 10 12 13 14 15 16 17 18 19 20 27 | 27.0
Alchemy        | 3 4 5 6 7 9 10 12 14 15 | 15.0
Spellcasting   | 3 4 5 6 7 9 10 11 12 13 14 15 16 17 18 19 20 21 23 | 23.9
Fire Magic     | 1 3 6 8 10 12 14 16 18 19 | 19.3
Conjurations   | 5 7 9 10 12 13 14 15 16 17 19 20 21 22 24 | 24.5
Earth Magic    | 3 4 7 9 10 12 13 14 19 | 19.8
Ice Magic      | 3 5 6 7 8 |  8.0
Air Magic      | 3 4 15 | 15.0
Dodging        | 3 5 6 8 9 10 14 | 14.6
Shields        | 2 4 5 6 7 27 | 27.0
Shapeshifting  | 1 9 23 | 23.0
Maces & Flails | 14 | 14.4
Evocations     | 13 | 13.9
Staves         | 9 |  9.1
Armour         | 14 | 14.1
Stealth        | 8 |  8.0
Throwing       | 17 | 17.6

Action                     |  1- 3 |  4- 6 |  7- 9 | 10-12 | 13-15 | 16-18 | 19-21 | 22-24 | 25-27 || total
---------------------------+-------+-------+-------+-------+-------+-------+-------+-------+-------++-------
  Melee: Unarmed           |     1 |       |       |       |       |       |       |       |       ||     1
         Club              |    16 |       |       |       |       |       |       |       |       ||    16
         Dagger            |     7 |       |       |       |       |       |       |       |       ||     7
         Staff             |     5 |    37 |    61 |    73 |   225 |    93 |   132 |    77 |   735 ||  1438
         Headbutt          |     4 |     6 |    13 |    26 |    64 |    30 |    44 |    34 |   376 ||   597
         Punch             |       |     4 |     5 |     6 |    27 |    11 |       |       |    29 ||    82
         Falchion          |       |       |       |       |       |       |       |     1 |       ||     1
         Kick              |       |       |       |       |       |       |       |       |   538 ||   538
         Eveningstar       |       |       |       |       |       |       |       |       |   275 ||   275
  Throw: Large rock        |       |       |       |       |       |       |       |       |    40 ||    40
   Cast: Sting             |    65 |    72 |    51 |    16 |     6 |       |       |       |       ||   210
         Mephitic Cloud    |     1 |     1 |     5 |    37 |    14 |     4 |       |       |       ||    62
         Olgreb's Toxic Ra |       |     4 |    25 |   116 |   185 |    85 |    71 |    49 |    15 ||   550
         Sticky Flame      |       |       |    25 |    19 |    75 |    10 |       |       |       ||   129
         Fulminant Prism   |       |       |     1 |    18 |    39 |    20 |     4 |       |       ||    82
         Irradiate         |       |       |       |     1 |    13 |     6 |     2 |     6 |       ||    28
         Freezing Cloud    |       |       |       |       |    60 |    54 |    43 |    18 |       ||   175
         Bombard           |       |       |       |       |    47 |   110 |   165 |   203 |   240 ||   765
         Sculpt Simulacrum |       |       |       |       |       |    37 |    33 |     4 |    33 ||   107
         Ignite Poison     |       |       |       |       |       |    87 |   164 |   157 |    29 ||   437
         Eringya's Noxious |       |       |       |       |       |    46 |    91 |    98 |    40 ||   275
         Blink             |       |       |       |       |       |       |    10 |     2 |    16 ||    28
         Lee's Rapid Decon |       |       |       |       |       |       |     7 |    87 |    33 ||   127
         Ignition          |       |       |       |       |       |       |       |    40 |   135 ||   175
         Fire Storm        |       |       |       |       |       |       |       |       |  1156 ||  1156
         Shatter           |       |       |       |       |       |       |       |       |   222 ||   222
         Apportation       |       |       |       |       |       |       |       |       |    33 ||    33
         Maxwell's Capacit |       |       |       |       |       |       |       |       |    81 ||    81
         Spellforged Servi |       |       |       |       |       |       |       |       |    45 ||    45
         Lehudib's Crystal |       |       |       |       |       |       |       |       |    34 ||    34
         Chain Lightning   |       |       |       |       |       |       |       |       |    22 ||    22
Ability: Begin Untransform |       |       |       |       |       |       |       |       |     9 ||     9
  Evoke: Wand              |       |       |       |     2 |       |     1 |     1 |       |     7 ||    11
         Phial of floods   |       |       |       |       |       |     1 |       |       |       ||     1
         Phantom mirror    |       |       |       |       |       |       |       |       |     1 ||     1
    Use: Scroll            |       |     6 |     4 |     4 |     8 |    14 |     4 |     3 |    34 ||    77
         Potion            |       |       |       |       |       |     2 |     1 |     2 |    31 ||    36
   Stab: Confused          |     1 |     1 |       |     3 |     2 |     2 |       |       |       ||     9
         Distracted        |       |       |       |       |       |       |     1 |       |     5 ||     6
         Sleeping          |       |       |       |       |       |       |       |       |     1 ||     1
 Armour: Robe              |    31 |    32 |    52 |    99 |   340 |   390 |   348 |       |       ||  1292
         Troll leather arm |       |       |       |       |       |       |   136 |   450 |  1455 ||  2041
  Dodge: Dodged            |    12 |    38 |    67 |    59 |   209 |   259 |   223 |   157 |   626 ||  1650
  Block: Kite shield       |       |       |       |       |       |       |   269 |   177 |   445 ||   891
         Tower shield      |       |       |       |       |       |       |       |       |   568 ||   568
   Form: Death             |       |       |       |       |       |       |       |       |    10 ||    10

Table legend: (Time is in decaauts)
 A = Elapsed time spent in this place.
 B = Non-inter-level travel time spent in this place.
 C = Inter-level travel time spent in this place.
 D = Time resting spent in this place.
 E = Time spent auto-exploring this place.
 F = Levels seen in this place.
 G = Mean time per level.
                   A        B        C        D        E       F      G
               +--------+--------+--------+--------+--------+-----+--------+
         Total | 106009 |  95169 |  10840 |  24451 |  45539 | 128 |  828.2 |
       Dungeon |  21753 |  18332 |   3421 |   4216 |  11271 |  15 | 1450.2 |
          Lair |   8132 |   7115 |   1017 |   1992 |   4018 |   5 | 1626.4 |
         Swamp |   5883 |   5626 |    257 |   1529 |   2755 |   4 | 1470.8 |
     Snake Pit |   6281 |   5921 |    360 |   1720 |   3026 |   4 | 1570.2 |
    Slime Pits |   2824 |   2652 |    172 |    559 |   1137 |   5 |  564.8 |
  Orcish Mines |   4677 |   4083 |    594 |   1887 |   1290 |   2 | 2338.5 |
   Elven Halls |   6041 |   5657 |    384 |   2398 |   2086 |   3 | 2013.7 |
        Vaults |   8564 |   7712 |    852 |   1266 |   4742 |   5 | 1712.8 |
         Crypt |   4016 |   3568 |    448 |   1040 |   1803 |   3 | 1338.7 |
          Tomb |   3023 |   2675 |    348 |    700 |   1104 |   3 | 1007.7 |
        Depths |   7370 |   5718 |   1652 |   1565 |   2676 |   4 | 1842.5 |
          Hell |    802 |    653 |    149 |    115 |    381 |   1 |  802.0 |
           Dis |   3323 |   3199 |    124 |    856 |   1148 |   7 |  474.7 |
       Gehenna |   3566 |   3304 |    262 |    326 |   1888 |   7 |  509.4 |
       Cocytus |   2885 |   2634 |    251 |    528 |   1071 |   7 |  412.1 |
      Tartarus |   2743 |   2691 |     52 |    552 |    776 |   6 |  457.2 |
           Zot |   5863 |   5372 |    491 |   1645 |   2679 |   5 | 1172.6 |
         Abyss |    472 |    472 |      0 |    188 |      0 |   2 |  236.0 |
   Pandemonium |   5282 |   5282 |      0 |    994 |   1623 |  12 |  440.2 |
      Ziggurat |   2144 |   2144 |      0 |    256 |     65 |  27 |   79.4 |
       Volcano |    357 |    357 |      0 |    117 |      0 |   1 |  357.0 |
               +--------+--------+--------+--------+--------+-----+--------+

Top non-repeatable levels by time:
   Orc:2: 2785 daAuts
Depths:1: 2386 daAuts
    D:14: 2371 daAuts
 Swamp:1: 2356 daAuts
 Snake:1: 2329 daAuts
    D:13: 2312 daAuts
   Elf:3: 2218 daAuts
   Elf:2: 2120 daAuts
   Dis:7: 2031 daAuts
  Lair:5: 2018 daAuts
   Geh:7: 2012 daAuts
   Tar:7: 2002 daAuts
Vaults:4: 1982 daAuts
Vaults:1: 1917 daAuts
   Orc:1: 1892 daAuts
